 Dungeon Crawl Stone Soup version 0.31-a0-1084-gb392501acf (webtiles) character file.

Game seed: 3497515061015453315

25138102 glosham the Archmage (level 27, 197/197 HPs)
             Began as a Deep Elf Shapeshifter on Nov 24, 2023.
             Was an Initiate of Gozag.
             Escaped with the Orb
             ... and 15 runes on Nov 28, 2023!
             The game lasted 1 day 05:44:28 (59712 turns).

glosham the Archmage (Deep Elf Shapeshifter)   Turns: 59712, Time: 1 , 05:44:29

Health: 197/197    AC: 20    Str:  8 (11) XL:     27
Magic:  75/75      EV: 30    Int: 47      God:    Gozag
Gold:   16536      SH:  0    Dex: 17      Spells: 0/80 levels left

rFire   + + +        a - +10 longbow of Dawn {freeze, rF++ rN+ Int+6}
rCold   + + .        (shield currently unavailable)
rNeg    + + +        X - +4 ring mail of Zabiyl {rF+ rN+ Regen+}
rPois   ∞            T - +3 hat of Pondering {ponderous, Will+ MP+10 Int+5}
rElec   +            Y - +2 cloak {Will+}
rCorr   +            U - +2 pair of gloves {Dex+3}
SInv    .            V - +2 pair of slick slippers {slick, slippery, EV+4}
Will    +++++        z - amulet of Vitality {RegenMP++ Regen++}
Stlth   +            A - ring of Askogg {Wiz rElec Int+3}
HPRegen 2.92/turn    B - ring "Nafijig" {rC+ rN+ rCorr MP+9 Int+3}
MPRegen 1.24/turn

%: wizardry (x1)
@: death-form, studying 4 skills, slow
A: vile attack, torment immunity, no potions, sturdy frame 1
0: Orb of Zot
}: 15/15 runes: decaying, slimy, silver, golden, iron, obsidian, icy, bone,
abyssal, demonic, glowing, magical, fiery, dark, gossamer
a: Siphon Essence, Begin Untransformation, Renounce Religion, Potion Petition,
Call Merchant, Bribe Branch


You escaped.
You worshipped Gozag.
Gozag was extremely pleased with you.
You were an undying horror.
You visited 18 branches of the dungeon, and saw 87 of its levels.
You visited Pandemonium 2 times, and saw 22 of its levels.
You visited the Abyss 2 times.
You visited 1 bazaar.
You also visited: Trove, Bailey, Ice Cave and Wizlab.

You collected 57709 gold pieces.
You spent 20770 gold pieces at shops.
You paid 20403 gold pieces to Gozag.

Inventory:

Hand Weapons
 a - the +10 longbow of Dawn (weapon) {freeze, rF++ rN+ Int+6}
   (You found it on level 5 of the Dungeon)

   Int+6:     It affects your intelligence (+6).
   rF++:      It greatly protects you from fire.
   rN+:       It protects you from negative energy.
 b - the +6 Majin-Bo {spellvamp, MP+6 Int+6}
   (You found it on level 3 of the Tomb of the Ancients)

   Int+6:     It affects your intelligence (+6).
   MP+6:      It affects your magic capacity (+6).
 c - the +2 arbalest "Tijien" {penet, rF+}
   (You found it on level 5 of the Pits of Slime)

   rF+:       It protects you from fire.
Armour
 L - quicksilver dragon scales
 O - the +4 skin of Zhor {*Englaciate rC+++ SInv}
   (You found it in an ice cave)

   *Englaciate: It radiates cold, occasionally slowing all nearby creatures who
   are not resistant to cold.
   rC+++:     It renders you almost immune to cold.
   SInv:      It lets you see invisible.
 T - the +3 hat of Pondering (worn) {ponderous, Will+ MP+10 Int+5}
   (You bought it in a shop on level 1 of the Vaults)

   Int+5:     It affects your intelligence (+5).
   Will+:     It increases your willpower.
   MP+10:     It affects your magic capacity (+10).
 U - a +2 pair of gloves of dexterity (worn)
 V - the +2 pair of slick slippers (worn) {slick, slippery, EV+4}
   (You bought it in a shop on level 10 of the Dungeon)

   Slick:     Its wearer cannot be constricted, engulfed, netted or webbed.
   Slippery:  Its wearer slips away from damaging melee attacks, pulling the
   attacker onward.
   EV+4:      It affects your evasion (+4).
 X - the +4 ring mail of Zabiyl (worn) {rF+ rN+ Regen+}
   (You found it in Pandemonium)

   rF+:       It protects you from fire.
   rN+:       It protects you from negative energy.
   Regen+:    It increases your rate of health regeneration.
 Y - a +2 cloak of willpower (worn)
Magical Staves
 e - the staff of Xyso Baa {rElec rPois Dex+2 Poison}
   (You found it on level 5 of the Vaults)

   [staff of poison]

   Base accuracy: +5 Base damage: 5 Base attack delay: 1.2 This weapon's minimum
   attack delay (0.6) is reached at skill level 12.
   Dex+2:     It affects your dexterity (+2).
   rElec:     It insulates you from electricity.
   rPois:     It protects you from poison Poison: It increases the power of your
   Poison spells.
   It falls into the 'Staves' category.
   It is a one-handed weapon.
 R - the staff of Voxaz {Will+ Str+2 Conj}
   (You found it on level 7 of the Iron City of Dis)

   [staff of conjuration]

   Base accuracy: +5 Base damage: 5 Base attack delay: 1.2 This weapon's minimum
   attack delay (0.6) is reached at skill level 12.
   Str+2:     It affects your strength (+2).
   Will+:     It increases your willpower.
   Conj:      It increases the power of your Conjurations spells.
   It falls into the 'Staves' category.
   It is a one-handed weapon.
Jewellery
 z - the amulet of Vitality (around neck) {RegenMP++ Regen++}
   (You found it on level 3 of the Depths)

   [amulet of magic regeneration]

   RegenMP:   It increases your rate of magic regeneration.
   Regen++:   It increases your rate of health regeneration.
 A - the ring of Askogg (left hand) {Wiz rElec Int+3}
   (You found it on level 1 of the Realm of Zot)

   [ring of wizardry]

   Wiz:       It improves your spell success rate.
   Int+3:     It affects your intelligence (+3).
   rElec:     It insulates you from electricity.
 B - the ring "Nafijig" (right hand) {rC+ rN+ rCorr MP+9 Int+3}
   (You found it in Pandemonium)

   [ring of magical power]

   Int+3:     It affects your intelligence (+3).
   rC+:       It protects you from cold.
   rN+:       It protects you from negative energy.
   MP+9:      It affects your magic capacity (+9).
   rCorr:     It protects you from acid and corrosion.
 C - the ring "Saal" {rC+ Dex+6}
   (You bought it in a shop on level 13 of the Dungeon)

   [ring of dexterity]

   Dex+6:     It affects your dexterity (+6).
   rC+:       It protects you from cold.
 D - the ring "Ykkaoz" {rF++ Will+ Dex+6}
   (You took it off a vault warden on level 5 of the Vaults)

   [ring of dexterity]

   Dex+6:     It affects your dexterity (+6).
   rF++:      It greatly protects you from fire.
   Will+:     It increases your willpower.
 F - the ring "Deekogoh" {Fire Fly}
   (You found it on level 4 of the Realm of Zot)

   [ring of fire]

   Fire:      It enhances your fire magic.
   rF+:       It protects you from fire.
   rC-:       It makes you vulnerable to cold.
   Fly:       It grants you flight.
 M - the ring "Gomnapn" {Ice rN+ rCorr}
   (You found it on level 7 of Gehenna)

   [ring of ice]

   Ice:       It enhances your ice magic.
   rF-:       It makes you vulnerable to fire.
   rC+:       It protects you from cold.
   rN+:       It protects you from negative energy.
   rCorr:     It protects you from acid and corrosion.
 N - the ring "Myarast" {*Slow rN+++ EV+5 Int+9}
   (You found it on level 4 of the Realm of Zot)

   [ring of evasion]

   EV+5:      It affects your evasion (+5).
   Int+9:     It affects your intelligence (+9).
   rN+++:     It renders you almost immune to negative energy.
   *Slow:     It may slow you when you take damage.
 P - the ring of Temptation {Wiz rPois rCorr Dex-2 SInv}
   (You bought it in a shop in a bazaar)

   [ring of wizardry]

   Wiz:       It improves your spell success rate.
   Dex-2:     It affects your dexterity (-2).
   rPois:     It protects you from poison SInv: It lets you see invisible.
   rCorr:     It protects you from acid and corrosion.
 S - the ring of the Thieving Jester {Will+ rCorr Int+3}
   (You found it on level 1 of the Lair of Beasts)

   [ring of resist corrosion]

   Int+3:     It affects your intelligence (+3).
   Will+:     It increases your willpower.
   rCorr:     It protects you from acid and corrosion.
Talismans
 d - a talisman of death (active)
Wands
 f - a wand of flame (116)
 g - a wand of digging (42)
 h - a wand of polymorph (23)
 j - a wand of acid (32)
Scrolls
 k - 21 scrolls of teleportation
 m - 12 scrolls of fog
 n - 19 scrolls of fear
 p - 5 scrolls of butterflies
 H - 9 scrolls of immolation
 K - 6 scrolls of amnesia
 Q - a scroll of enchant armour
Potions
 q - 4 potions of ambrosia
 r - 31 potions of curing
 s - 24 potions of heal wounds
 t - 5 potions of magic
 u - a potion of resistance
 v - a potion of haste
 w - a potion of brilliance
 x - 4 potions of might
 y - 6 potions of enlightenment
 E - 4 potions of cancellation
 G - 3 potions of invisibility
 I - 11 potions of mutation
 J - 10 potions of attraction
Miscellaneous
 i - a figurine of a ziggurat


   Skills:
 * Level 26.6 Fighting
 O Level 27 Ranged Weapons
 O Level 27 Dodging
 - Level 2.4 Unarmed Combat
 O Level 27 Spellcasting
 - Level 6.0 Conjurations
 - Level 3.0 Hexes
 - Level 9.0 Necromancy
 - Level 15.5 Translocations
 - Level 17.6 Fire Magic
 O Level 27 Ice Magic
 O Level 27 Earth Magic
 - Level 23.0 Shapeshifting


You couldn't memorise any spells.
You knew the following spells:

 Your Spells              Type           Power      Damage    Failure   Level
a - Apportation           Tloc           100%       N/A       0%          1
b - Blink                 Tloc           100%       N/A       0%          2
c - Borgnjor's Vile Clut  Necr/Erth      62%        N/A       0%          5
g - Passage of Golubria   Tloc           100%       N/A       0%          4
i - Ignition              Fire           62%        3d17      1%          8
l - Lee's Rapid Deconstr  Erth           71%        3d32*     0%          5
m - Sublimation of Blood  Necr           99%        N/A       0%          2
p - Plasma Beam           Fire/Air       49%        2x1d63    1%          6
r - Ozocubu's Refrigerat  Ice            71%        4d23      0%          7
s - Shatter               Erth           71%        3d52*     1%          9
t - Polar Vortex          Ice            71%        12d9*     1%          9
v - Vhi's Electric Charg  Tloc/Air       100%       N/A       1%          4
x - Lehudib's Crystal Sp  Conj/Erth      60%        10d14     1%          8
z - Passwall              Tmut/Erth      94%        N/A       0%          2
J - Disjunction           Tloc           59%        N/A       1%          8

Your spell library contained the following spells:

 Spells                   Type           Power      Damage    Failure   Level
 Foxfire                  Conj/Fire      100%       2x1d9     0%          1
 Freeze                   Ice            100%       1d10      0%          1
 Kiss of Death            Conj/Necr      100%       2d13      0%          1
 Necrotise                Necr           100%       1d9       0%          1
 Sandblast                Erth           100%       2d20      0%          1
 Ensorcelled Hibernation  Hex/Ice        100%       N/A       0%          2
 Lesser Beckoning         Tloc           100%       N/A       0%          2
 Momentum Strike          Conj/Tloc      100%       3d10      0%          2
 Scorch                   Fire           100%       2d9       0%          2
 Frozen Ramparts          Ice            100%       1d16      0%          3
 Gell's Gravitas          Tloc           100%       N/A       0%          3
 Hailstorm                Conj/Ice       100%       3d20      0%          3
 Inner Flame              Hex/Fire       100%       N/A       0%          3
 Ozocubu's Armour         Ice            100%       N/A       0%          3
 Stone Arrow              Conj/Erth      100%       3d13      0%          3
 Teleport Other           Tloc           100%       N/A       0%          3
 Volatile Blastmotes      Fire/Tloc      100%       2d18      0%          3
 Animate Armour           Summ/Erth      100%       N/A       0%          4
 Brom's Barrelling Bould  Conj/Erth      100%       2d11      0%          4
 Leda's Liquefaction      Hex/Erth       58%        N/A       0%          4
 Manifold Assault         Tloc           100%       N/A       0%          4
 Summon Ice Beast         Ice/Summ       100%       N/A       0%          4
 Metabolic Englaciation   Hex/Ice        58%        N/A       0%          5
 Magic Dart               Conj           100%       1d8       1%          1
 Shock                    Conj/Air       100%       1d9       1%          1
 Sting                    Tmut/Pois      100%       1d8       1%          1
 Summon Small Mammal      Summ           100%       N/A       1%          1
 Call Imp                 Summ           100%       N/A       1%          2
 Cigotuvi's Dreadful Rot  Necr/Pois/Air  100%       N/A       1%          2
 Jinxbite                 Hex            100%       N/A       1%          2
 Poisonous Vapours        Pois/Air       100%       N/A       1%          2
 Searing Ray              Conj           100%       2d8       1%          2
 Static Discharge         Conj/Air       100%       3-8/arc   1%          2
 Wereblood                Tmut           59%        N/A       1%          2
 Call Canine Familiar     Summ           59%        N/A       1%          3
 Confusing Touch          Hex            75%        N/A       1%          3
 Dazzling Flash           Conj/Hex       100%       N/A       1%          3
 Ignite Poison            Fire/Tmut/Pois 87%        N/A       1%          3
 Mephitic Cloud           Conj/Pois/Air  70%        N/A       1%          3
 Sigil of Binding         Hex            75%        N/A       1%          3
 Summon Guardian Golem    Hex/Summ       67%        N/A       1%          3
 Swiftness                Air            59%        N/A       1%          3
 Tukima's Dance           Hex            75%        N/A       1%          3
 Vampiric Draining        Necr           99%        2d13      1%          3
 Airstrike                Air            29%        2d(5-21)  1%          4
 Anguish                  Hex/Necr       44%        N/A       1%          4
 Cause Fear               Hex            37%        N/A       1%          4
 Dimensional Bullseye     Hex/Tloc       50%        N/A       1%          4
 Dispel Undead            Necr           99%        3d31      1%          4
 Flame Wave               Conj/Fire      100%       2d21      1%          4
 Fulminant Prism          Conj/Hex       40%        3d19      1%          4
 Iskenderun's Mystic Bla  Conj/Tloc      100%       2d19      1%          4
 Olgreb's Toxic Radiance  Pois           59%        N/A       1%          4
 Sticky Flame             Conj/Fire      100%       2d11      1%          4
 Summon Lightning Spire   Summ/Air       59%        N/A       1%          4
 Agony                    Necr           99%        N/A       1%          5
 Arcjolt                  Conj/Air       37%        1d47      1%          5
 Fireball                 Conj/Fire      54%        3d21      1%          5
 Irradiate                Conj/Tmut      37%        3d24      1%          5
 Iskenderun's Battlesphe  Conj           88%        2d14      1%          5
 Silence                  Hex/Air        33%        N/A       1%          5
 Summon Forest            Summ/Tloc      47%        N/A       1%          5
 Summon Mana Viper        Hex/Summ       67%        N/A       1%          5
 Yara's Violent Unravell  Hex/Tmut       33%        3d14      1%          5
 Bombard                  Conj/Erth      60%        9d10      1%          6
 Death Channel            Necr           49%        N/A       1%          6
 Dispersal                Tloc           59%        N/A       1%          6
 Starburst                Conj/Fire      54%        6d15      1%          6
 Alistair's Intoxication  Tmut/Pois      39%        N/A       4%          5
 Conjure Ball Lightning   Conj/Air       37%        3x3d12    6%          6
 Orb of Destruction       Conj           44%        9d12      10%         7
 Haunt                    Necr/Summ      40%        N/A       17%         7
 Eringya's Noxious Bog    Tmut/Pois      29%        4d6       21%         6
 Summon Cactus Giant      Summ           29%        N/A       21%         6
 Borgnjor's Revivificati  Necr           49%        N/A       22%         8
 Infestation              Necr           49%        N/A       22%         8
 Enfeeble                 Hex            37%        N/A       32%         7
 Spellforged Servitor     Conj/Summ      37%        N/A       32%         7
 Fire Storm               Conj/Fire      54%        8d14      69%         9
 Monstrous Menagerie      Summ           29%        N/A       71%         7
 Summon Hydra             Summ           29%        N/A       71%         7
 Discord                  Hex            37%        N/A       92%         8
 Death's Door             Necr           49%        N/A       96%         9
 Maxwell's Capacitive Co  Air            29%        ∞         100%        8
 Chain Lightning          Conj/Air       37%        3d50      100%        9
 Dragon's Call            Summ           29%        N/A       100%        9
 Animate Dead             Necr           Unusable   N/A       N/A         4
 Simulacrum               Ice/Necr       Unusable   N/A       N/A         6

Dungeon Overview and Level Annotations

Branches:
Dungeon (15/15)            Temple (1/1) D:6            Lair (5/5) D:11
  Swamp (4/4) Lair:3       Spider (4/4) Lair:2        Slime (5/5) Lair:4
    Orc (2/2) D:12            Elf (3/3) Orc:2        Vaults (5/5) D:14
  Crypt (3/3) Vaults:2       Tomb (3/3) Crypt:3      Depths (4/4) D:15
   Hell (visited)             Dis (7/7) Hell            Geh (7/7) Hell
    Coc (7/7) Hell            Tar (7/7) Hell            Zot (5/5) Depths:4
 Bailey (visited)           IceCv (visited)          WizLab (visited)

Altars:
Ashenzari
Cheibriados
Dithmenos
Elyvilon
Fedhas
Gozag
Hepliaklqana
Kikubaaqudgha
Makhleb
Nemelex Xobeh
Okawaru
Qazlal
Ru
Sif Muna
Trog
Uskayaw
Vehumet
Wu Jian
Xom
Yredelemnul
Zin
The Shining One
Jiyva

Shops:
D:6 *   D:7 *   D:10 [   D:13 *?:*   Orc:1 *   Orc:2 ([[:[   Elf:1 [   Elf:2 *
Elf:3 (   Vaults:1 [:   Vaults:2 ::   Vaults:3 [[[=   Depths:1 ?(=

Portals:
Hell: Depths:1 Depths:2 Depths:3 Depths:4
Abyss: Depths:3
Pandemonium: Depths:2 Depths:3 Depths:4
Ziggurat: Depths:1


Innate Abilities, Weirdness & Mutations

You are an undying horror.
Your melee and unarmed attacks drain, slow and weaken victims.
You are immune to unholy pain and torment.
You cannot drink.
You are immune to poison.
Your movements are slightly less encumbered by armour. (ER -2)


Message History

Press: ? - help, Dir - move target You enter the passage of Golubria.
Your resistance to elements expires.
A Feegach, a rust devil and 2 small abominations come into view.
There is a passage of Golubria here.
Unknown command.
Casting: Passage of Golubria (safe; 0% risk of failure)
Confirm with . or Enter, or press ? or * to list all spells.
The rust devil blinks!
Feegach blinks!
The small abomination blinks!
Feegach gestures.
Feegach seems to speed up.
There is a stone staircase leading up here.
The rust devil blinks!
The small abomination blinks! x2
You climb upwards.
There is a stone staircase leading down here.
Blink to where?
Press: ? - help, Dir - move target A Brimstone Fiend comes into view.
As you read the scroll of blinking, it crumbles to dust.
The Brimstone Fiend roars!
Blink to where?
Press: ? - help, Dir - move target
As you read the scroll of blinking, it crumbles to dust.
Aiming: Dig
Press: ? - help, Shift-Dir - straight line You can't see that place.
The rock shatters into small pieces.
The translocation energy dissipates.
Blink to where?
Press: ? - help, Dir - move target
As you read the scroll of blinking, it crumbles to dust.
You climb upwards.
There is a stone staircase leading down here.
Blink to where?
Press: ? - help, Dir - move target
As you read the scroll of blinking, it crumbles to dust.
Blink to where?
Press: ? - help, Dir - move target
As you read the scroll of blinking, it crumbles to dust.
You have escaped!

#.....#...#...#............
##..#...#..#..#...#..#.#####
######....#..#..#..#..#.....# #..
...........#..#.#.#..#......# #.#
........#...#.#.#.#.#...#...# #.#
.........##..#.#.#.#..##....# #.#
.....#.....##.#...#.##......# #.#
.....#.......#.....#........# #.#
.....#.######...z...######..# #.#
.....#.......#.....#.....†..# #.#
######.....##.#...#.##......###.#
....##...##..#.#.#.#..##........#
..^.##..#...#.#.#.#.#...#....####
...........#..#.#.#..#.....#.....
.....#....#..#..#..#..#....#.###.
.....##..#...#.§#..#...#..#..# #.
..##..#.....#...#...#.....#.####.


There were no monsters in sight!

Vanquished Creatures
  Cerebov (Pan)
  Antaeus (Coc:7)
  Asmodeus (Geh:7)
  Ereshkigal (Tar:7)
  the Royal Jelly (Slime:5)
  the Serpent of Hell (Geh:7)
  Gloorx Vloq (Pan)
  Lom Lobon (Pan)
  A seraph (Pan)
  12 dread liches
  Mnoleg (Pan)
  Dispater (Dis:7)
  8 orbs of fire
  Mennas (Vaults:4)
  6 ancient liches
  Mara (Depths:1)
  6 juggernauts
  7 pandemonium lords (Pan)
  28 royal mummies
  Sojobo (Crypt:1)
  Boris (twice) (Vaults:4 Tomb:1)
  Parghit (Zot:1)
  15 shard shrikes
  3 Killer Klowns
  2 antique champions (WizLab)
  6 caustic shrikes
  The ghost of ragingrage the Executioner, a veteran HOFi of Beogh (Vaults:3)
  4 curse toes
  Geryon (Hell)
  10 golden dragons
  Jory (Vaults:5)
  13 bone dragons
  24 Tzitzimimeh
  2 pearl dragons (Pan)
  5 profane servitors (Tar:7)
  2 electric golems
  8 doom hounds
  9 Brimstone Fiends
  21 tentacled monstrosities
  14 tainted leviathans
  7 liches
  2 spectral shard shrikes
  17 Ice Fiends
  35 Hell Sentinels
  7 iron giants
  Grunn (Zot:1)
  Rupert (Lair:4)
  10 Orb Guardians (Zot:5)
  5 hellephants
  3 deep elf blademasters
  2 walking frostbound tomes (Depths:2)
  4 deep elf master archers (Elf:3)
  21 acid blobs
  3 quicksilver dragons
  12 death cobs
  3 tentacled starspawn
  5 sphinxes
  18 titans
  40 ancient champions
  A walking divine tome (Depths:2)
  19 searing wretches
  An eldritch tentacle (Pan)
  Agnes (Elf:2)
  Frances (Swamp:2)
  Kirke (D:15)
  Aizul (Crypt:1)
  14 Executioners
  A thorn hunter (Swamp:3)
  17 rockslimes
  13 storm dragons
  8 tengu reavers
  9 shadow dragons
  Donald (Crypt:1)
  16 daevas (Pan)
  19 frost giants
  36 azure jellies
  4 revenants
  21 fire giants
  A demonspawn warmonger (Pan)
  A fenstrider witch (Swamp:3)
  33 narguns
  12 draconian knights
  8 iron dragons
  7 draconian monks
  39 balrugs
  5 emperor scorpions
  3 deep elf sorcerers (Elf:3)
  15 vault wardens
  5 draconian scorchers
  The ghost of Titt the Grappler, a journeyman FoSh of Ashenzari (D:15)
  A caustic shrike zombie (Crypt:3)
  11 ghost moths
  5 ghouls
  9 shard shrike simulacra
  3 draconian shifters
  11 quicksilver elementals
  Louise (Depths:3)
  2 juggernaut zombies
  22 cacodemons
  8 demonspawn corrupters (Pan)
  4 curse skulls
  23 angels
  32 very ugly things
  28 war gargoyles
  2 deep elf elementalists (Elf:3)
  5 draconian stormcallers
  8 demonspawn blood saints (Pan)
  A juggernaut skeleton (WizLab)
  A formless jellyfish (Vaults:3)
  17 ironbound preservers
  11 reapers
  11 ophanim (Pan)
  A broodmother (Spider:3)
  10 quicksilver oozes
  12 draconian annihilators
  19 ironbound thunderhulks
  21 apis (Pan)
  2 spriggan defenders
  17 stone giants
  2 demonspawn black suns (Pan)
  7 green draconians
  7 vampire knights
  29 elemental wellsprings
  Nessos (Lair:4)
  5 eleionomae
  5 lorocyprocas
  6 purple draconians
  19 wendigos
  5 deep elf demonologists
  5 dire elephants
  21 putrid mouths
  10 deep elf annihilators
  18 spark wasps
  6 bunyips
  14 bennus
  11 black draconians
  10 red draconians
  16 yellow draconians
  9 white draconians
  20 iron golems
  14 blizzard demons
  A crystal guardian (Vaults:3)
  7 green deaths
  5 eidola
  An acid blob zombie (Crypt:2)
  23 mummy priests
  22 ettins
  2 merfolk impalers
  A quicksilver dragon zombie (Tomb:3)
  7 deep elf death magi (Elf:3)
  2 entropy weavers (shapeshifter)
  12 deep elf high priests
  7 fire dragons
  5 great orbs of eyes
  14 jiangshi
  2 shambling mangroves
  3 entropy weavers
  10 yaktaur captains
  10 salamander tyrants
  11 ice dragons
  A kraken zombie (Hell)
  3 peacekeepers
  21 ironbound frosthearts
  6 juggernaut simulacra
  28 vault guards
  9 rakshasas
  7 spriggan air magi
  16 caustic shrike simulacra
  16 hydras
  A ghost crab (Swamp:3)
  14 boulder beetles
  14 alligators
  A fenstrider witch skeleton (Tomb:2)
  A hell beast (Pan)
  A catoblepas (shapeshifter) (Vaults:5)
  11 centaur warriors
  7 stokers
  A bennu zombie (Crypt:1)
  4 radroaches
  23 death yaks
  38 dancing weapons
  3 catoblepae (Lair:5)
  35 death scarabs
  2 death knights
  4 two-headed ogres
  9 deep troll shamans
  The ghost of bezhaha the Zephyrmancer, a journeyman DgAE (D:12)
  7 orc high priests
  5 deep troll earth magi
  39 hell hogs
  4 titan zombies
  5 tengu warriors
  10 thrashing horrors
  8 vampire magi
  A spectral dire elephant (Tar:2)
  A naga warrior (D:12)
  22 soul eaters
  Sonja (Lair:5)
  Urug (Lair:4)
  4 occultists
  9 spriggan berserkers
  7 demonic crawlers
  12 deep elf knights
  3 storm dragon zombies (Hell)
  A titan skeleton (Crypt:3)
  59 sun demons
  A fire crab (shapeshifter) (Elf:3)
  A sun moth (Spider:4)
  11 crystal echidnas
  4 wretched stars
  28 shadow wraiths
  9 iron trolls
  58 skeletal warriors
  28 sixfirhies
  7 goliath frogs
  A storm dragon skeleton (D:15)
  2 golden dragon zombies
  5 pharaoh ants
  7 quicksilver dragon simulacra
  4 spark wasp zombies
  4 spriggan druids
  12 cherubim (Pan)
  3 death drakes
  57 deep trolls
  6 swamp dragons
  6 glowing orange brains
  8 orb spiders
  7 flayed ghosts
  9 arcanists
  9 shadow demons (Pan)
  2 anaconda zombies
  9 bog bodies
  3 starcursed masses
  5 deep elf archers
  20 deep elf zephyrmancers
  18 ironbound convokers
  12 spriggan simulacra
  7 orc knights
  2 anaconda skeletons
  An orange crystal statue (D:14)
  3 necromancers
  24 deep elf pyromancers
  An oklob plant (Depths:3)
  16 lindwurms
  A shadow dragon skeleton (Vaults:2)
  8 phantasmal warriors
  Pikel (D:9)
  A frost giant zombie (Hell)
  4 shining eyes
  A fire giant zombie (Hell)
  5 orc sorcerers
  4 steelbarb worms
  7 will-o-the-wisps
  5 manticores
  A tengu skeleton (Vaults:2)
  28 moths of wrath
  7 cyclopes
  25 wolf spiders
  An elephant (shapeshifter) (Vaults:3)
  A glowing shapeshifter (Vaults:5)
  58 ugly things
  A formless jellyfish zombie (Crypt:2)
  33 large abominations
  A stone giant zombie (Crypt:3)
  14 vault sentinels
  2 black mambas (Lair:4)
  5 ice statues
  6 fire giant skeletons (Crypt:3)
  An apocalypse crab (Abyss:3)
  3 dire elephant zombies
  9 elephants (Lair:2)
  7 titan simulacra
  6 rust devils
  Joseph (Lair:1)
  A centaur skeleton (Crypt:3)
  12 molten gargoyles
  7 gargoyles
  2 stone giant skeletons
  41 smoke demons
  A dire elephant skeleton (Crypt:3)
  12 cane toads
  6 eyes of devastation
  An alligator snapping turtle zombie (Crypt:3)
  5 unseen horrors
  A red draconian zombie (Crypt:1)
  25 orange demons
  2 storm dragon simulacra
  11 torpor snails
  27 hellions
  2 kobold demonologists
  Maggie (D:9)
  A golden dragon simulacrum (Coc:4)
  A redback zombie (Crypt:1)
  11 rime drakes
  A yaktaur (shapeshifter) (Vaults:5)
  3 tengu conjurers
  19 tormentors
  33 freezing wraiths
  23 yaktaurs
  A bunyip simulacrum (Coc:2)
  3 ice devils (D:14)
  15 komodo dragons
  4 ancient zymes
  4 anaconda simulacra
  3 hydra zombies
  A spectral naga (Tar:2)
  3 efreet
  3 iron giant simulacra
  51 guardian mummies
  A sea snake skeleton (Hell)
  5 trolls
  2 harpy zombies
  8 meliai
  A grey draconian skeleton (Crypt:1)
  12 hellwings
  9 polar bears
  2 queen bees
  4 red devils
  A bloated husk (Swamp:4)
  A silent spectre (Abyss:5)
  27 hornets
  5 tyrant leeches
  3 harpy skeletons
  34 tarantellas
  2 merfolk (shapeshifter)
  16 blink frogs
  2 ettin zombies (WizLab)
  2 glass eyes
  3 iron dragon simulacra
  2 raiju
  A glass eye (shapeshifter) (Vaults:5)
  Prince Ribbit (D:8)
  5 stone giant simulacra
  A hydra skeleton (Hell)
  4 spriggan zombies
  29 jumping spiders
  4 dream sheep (Lair:3)
  7 naga simulacra
  2 centaur simulacra
  12 wraiths
  25 culicivoras
  10 fire dragon skeletons (Crypt:3)
  4 air elementals
  88 slime creatures
  4 ettin skeletons
  8 vampires
  75 yaks
  10 dire elephant simulacra
  16 water elementals
  3 shadows (Crypt:3)
  A slime creature zombie (Crypt:2)
  11 ynoxinuls
  13 flying skulls
  14 spriggans
  2 fire elementals (Elf:3)
  2 hogs (D:15)
  8 wyverns
  The ghost of Melody the Firebug, an amateur OgFE (D:3)
  11 golden eyes
  10 ushabtiu
  12 fire bats (Depths:1)
  2 elf skeletons (Vaults:2)
  3 basilisks
  3 humans (D:15)
  A steam dragon (Lair:2)
  An alligator snapping turtle simulacrum (Coc:1)
  18 chaos spawn
  4 swamp worm simulacra (Swamp:4)
  17 vampire mosquitoes
  24 neqoxecs
  4 wargs
  60 redbacks
  16 harpy simulacra
  A naga zombie (Crypt:3)
  A faun zombie (Crypt:1)
  A glowing shapeshifter zombie (Hell)
  17 swamp worms
  6 hell hounds
  16 hydra simulacra
  3 acid dragons
  25 water moccasins
  A naga skeleton (Crypt:3)
  A meliai simulacrum (D:15)
  A fire bat skeleton (Crypt:2)
  A two-headed ogre skeleton (WizLab)
  8 swamp drakes
  A glowing shapeshifter skeleton (Vaults:2)
  A black bear (Lair:1)
  An ogre skeleton (Vaults:2)
  2 ice beasts
  34 orc warriors
  A sky beast (shapeshifter) (Depths:3)
  A sky beast (D:7)
  4 ettin simulacra
  2 swamp dragon zombies (WizLab)
  3 boggarts (Vaults:2)
  7 small abominations
  4 human skeletons (Vaults:2)
  7 ogres
  15 wolves
  A centaur (D:5)
  An elephant skeleton (Crypt:1)
  2 lemures (D:9)
  A phantom (D:5)
  A swamp dragon skeleton (WizLab)
  2 kobold brigands
  A komodo dragon zombie (Crypt:2)
  An elf zombie (Crypt:1)
  A gnoll sergeant (D:11)
  8 bullfrogs
  A cyclops zombie (WizLab)
  3 necrophages
  6 scorpions
  2 deep troll simulacra (WizLab)
  A two-headed ogre simulacrum (WizLab)
  6 wights
  51 killer bees
  8 vampire bats (Bailey)
  6 howler monkeys
  6 wolf zombies (Bailey)
  A human zombie (D:6)
  7 lava snakes (Depths:1)
  2 centaur zombies
  5 bullfrog zombies (D:6)
  3 quasits (Abyss:3)
  A black bear zombie (Crypt:1)
  2 hounds
  2 jellies
  33 orc priests
  A gnoll bouda (D:5)
  3 iguanas
  2 iron imps
  15 hell rats
  A scorpion zombie (Crypt:1)
  Natasha (thrice) (D:2)
  17 orc wizards
  60 mummies
  11 gnolls
  13 adders
  2 river rats
  2 shadow imps (Tar:7)
  A white imp (D:6)
  3 ufetubi
  4 swamp drake simulacra (Swamp:4)
  An iguana zombie (Crypt:1)
  4 worms
  2 dart slugs (D:1)
  86 orcs
  4 endoplasms
  6 giant cockroaches
  4 hobgoblins
  5 quokkas
  7 ball pythons
  3 bats
  An endoplasm zombie (Crypt:2)
  3 frilled lizards
  7 goblins
  24 kobolds
  An orc skeleton (Crypt:2)
  19 orc zombies (Bailey)
  9 rats
  6 creeping infernos
  35 fire vortices
  A starspawn tentacle (Abyss:3)
  3 tentacles (Hell)
4276 creatures vanquished.

Vanquished Creatures (others)
  A soul eater (Pan)
  A smoke demon (Pan)
  A jumping spider (Spider:4)
  2 ynoxinuls (Pan)
  A chaos spawn (Pan)
  A harpy simulacrum (Coc:7)
  A howler monkey (D:13)
  10 foxfires (Swamp:3)
  3 fulminant prisms
  A lurking horror (Abyss:5)
  A starspawn tentacle (Abyss:3)
  A tentacle (Hell)
24 creatures vanquished.

Grand Total: 4300 creatures vanquished

Notes
Turn   | Place    | Note
-------+----------+-------------------------------------------
     0 | D:1      | glosham the Deep Elf Shapeshifter began the quest for the
                  | Orb.
     0 | D:1      | Reached XP level 1. HP: 11/11 MP: 3/3
    27 | D:1      | Reached skill level 1 in Spellcasting
   251 | D:1      | Reached XP level 2. HP: 16/16 MP: 7/7
   583 | D:1      | Reached skill level 1 in Conjurations
   684 | D:2      | Noticed Natasha
   684 | D:2      | Found an ornate altar of the Wu Jian Council.
   993 | D:3      | Reached XP level 3. HP: 20/20 MP: 8/8
   998 | D:3      | Learned a level 3 spell: Stone Arrow
  1025 | D:3      | Reached skill level 1 in Hexes
  1123 | D:2      | Reached skill level 1 in Earth Magic
  1293 | D:2      | Learned a level 2 spell: Blink
  1403 | D:3      | Reached XP level 4. HP: 22/24 MP: 10/10
  1405 | D:3      | Noticed an ogre
  1405 | D:3      | Noticed Melody's ghost (amateur OgFE)
  1406 | D:3      | Found a transporter.
  1407 | D:3      | Found a transporter.
  1455 | D:3      | Reached skill level 3 in Spellcasting
  1518 | D:5      | Entered Level 5 of the Dungeon
  1538 | D:5      | Learned a level 4 spell: Fulminant Prism
  1551 | D:5      | Noticed a centaur
  1562 | D:5      | Killed a centaur
  1563 | D:5      | Reached XP level 5. HP: 24/28 MP: 10/12
  1643 | D:4      | Noticed an ogre
  1720 | D:2      | Reached skill level 3 in Conjurations
  1720 | D:2      | Reached skill level 3 in Earth Magic
  2078 | D:2      | Reached XP level 6. HP: 33/33 MP: 9/13
  2205 | D:2      | Killed Natasha
  2260 | D:2      | Noticed Natasha
  2267 | D:2      | Killed Natasha
  2268 | D:2      | Reached skill level 3 in Hexes
  2329 | D:2      | Noticed Natasha
  2337 | D:2      | Killed Natasha
  2680 | D:4      | Reached XP level 7. HP: 23/37 MP: 1/16
  2751 | D:4      | Found an ornate altar of the Wu Jian Council.
  2756 | D:4      | Noticed a spectral centipede
  2756 | D:4      | Noticed a spectral black mamba
  2756 | D:4      | Noticed a spectral cane toad
  2872 | D:4      | Found an opulent altar of Gozag.
  3183 | D:4      | Became a worshipper of Gozag Ym Sagoz the Greedy
  3312 | D:5      | Noticed a rust devil
  3312 | D:5      | Noticed a rust devil
  3342 | D:5      | Reached skill level 6 in Spellcasting
  3361 | D:5      | Identified the +10 longbow of Dawn {freeze, rF++ rN+ Int+6}
  3405 | D:5      | Reached skill level 1 in Ranged Weapons
  3408 | D:5      | Reached XP level 8. HP: 33/42 MP: 19/19
  3416 | D:5      | Reached skill level 3 in Ranged Weapons
  3724 | D:6      | Found a shadowy altar of Dithmenos.
  3919 | D:6      | Found an ancient bone altar of Kikubaaqudgha.
  3926 | D:6      | Reached skill level 6 in Ranged Weapons
  4032 | D:6      | Found a glowing golden altar of the Shining One.
  4089 | D:6      | Found Usoweb's Serpentskin Sales.
  4094 | D:6      | Reached skill level 9 in Ranged Weapons
  4101 | D:6      | Bought a scroll of poison for 52 gold pieces
  4176 | D:6      | Found a stormy altar of Qazlal.
  4235 | D:6      | Reached XP level 9. HP: 46/46 MP: 20/20
  4287 | D:6      | Found a staircase to the Ecumenical Temple.
  4293 | Temple   | Entered the Ecumenical Temple
  4676 | D:7      | Found a flagged portal.
  4691 | D:7      | Found Vibo's Elemental Accessories.
  4817 | Bailey   | Entered a bailey
  4913 | Bailey   | Noticed a gargoyle
  4917 | Bailey   | Killed a gargoyle
  4918 | Bailey   | Reached skill level 12 in Ranged Weapons
  5062 | Bailey   | Identified the +3 leather armour "Utwiceh" {rF- Regen+
                  | Str+6}
  5252 | Bailey   | Identified the +5 chain mail "Gikluats" {rC++ rCorr Dex-3}
  5485 | D:7      | Identified the +8 mace of Midsummer {pain, rF- rCorr
                  | Stlth+}
  5836 | D:8      | Reached XP level 10. HP: 51/51 MP: 21/21
  5960 | D:8      | Noticed a two-headed ogre
  5965 | D:8      | Killed a two-headed ogre
  5966 | D:8      | Reached skill level 15 in Ranged Weapons
  5975 | D:8      | Noticed Prince Ribbit
  5977 | D:8      | Killed Prince Ribbit
  6470 | D:9      | Noticed Maggie
  6477 | D:9      | Killed Maggie
  6564 | D:9      | Noticed a boulder beetle
  6571 | D:9      | Killed a boulder beetle
  6697 | D:9      | Noticed a two-headed ogre
  6701 | D:9      | Killed a two-headed ogre
  6768 | D:9      | Noticed Pikel
  6774 | D:9      | Killed Pikel
  7107 | D:10     | Entered Level 10 of the Dungeon
  7155 | D:10     | Reached skill level 18 in Ranged Weapons
  7176 | D:10     | Reached XP level 11. HP: 42/55 MP: 22/22
  7276 | D:10     | Found Zoitoene's Antique Armour Boutique.
  7373 | D:10     | Bought the +2 pair of slick slippers {slick, slippery,
                  | EV+4} for 1225 gold pieces
  7373 | D:10     | Found the +2 pair of slick slippers {slick, slippery, EV+4}
  7580 | D:10     | Noticed an orc sorcerer
  7589 | D:10     | Killed an orc sorcerer
  7698 | D:10     | Found a sparkling altar of Nemelex Xobeh.
  7757 | D:10     | Found a radiant altar of Vehumet.
  7766 | D:10     | Found a glowing silver altar of Zin.
  7937 | D:11     | Found a frozen archway.
  7946 | IceCv    | Entered an ice cave
  7963 | IceCv    | Reached skill level 3 in Dodging
  8063 | IceCv    | Reached skill level 6 in Dodging
  8235 | IceCv    | Noticed a death yak
  8235 | IceCv    | Noticed a death yak
  8240 | IceCv    | Noticed a death yak
  8243 | IceCv    | Killed a death yak
  8244 | IceCv    | Reached XP level 12. HP: 60/60 MP: 23/23
  8245 | IceCv    | Killed a death yak
  8246 | IceCv    | Reached skill level 9 in Dodging
  8252 | IceCv    | Killed a death yak
  8285 | IceCv    | Noticed a death yak
  8285 | IceCv    | Noticed an ironbound frostheart
  8285 | IceCv    | Noticed an ironbound frostheart
  8285 | IceCv    | Noticed a death yak
  8285 | IceCv    | Noticed a death yak
  8312 | IceCv    | Killed an ironbound frostheart
  8317 | IceCv    | Killed a death yak
  8322 | IceCv    | Killed an ironbound frostheart
  8329 | IceCv    | Killed a death yak
  8334 | IceCv    | Killed a death yak
  8338 | IceCv    | Reached skill level 12 in Dodging
  8345 | IceCv    | Reached skill level 1 in Fighting
  8403 | IceCv    | Identified the +1 rapier "Varaabir" {heavy, rPois}
  8433 | IceCv    | Found the +4 skin of Zhor {*Englaciate rC+++ SInv}
  8650 | D:11     | Noticed a two-headed ogre
  8656 | D:11     | Killed a two-headed ogre
  8674 | D:11     | Found a staircase to the Lair.
  8674 | D:11     | Noticed a death yak
  8682 | D:11     | Noticed a death yak
  8684 | D:11     | Killed a death yak
  8684 | D:11     | Noticed a death yak
  8685 | D:11     | Reached skill level 3 in Fighting
  8707 | D:11     | Killed a death yak
  8717 | D:11     | Killed a death yak
  8788 | D:11     | Noticed an entropy weaver
  8797 | D:11     | Killed an entropy weaver
  9090 | Lair:1   | Entered Level 1 of the Lair of Beasts
  9090 | Lair:1   | Noticed a boulder beetle
  9161 | Lair:1   | Killed a boulder beetle
  9199 | Lair:1   | Noticed Joseph
  9208 | Lair:1   | Killed Joseph
  9213 | Lair:1   | Reached XP level 13. HP: 44/72 MP: 24/24
  9295 | Lair:1   | Identified the ring of the Thieving Jester {Will+ rCorr
                  | Int+3}
  9894 | Lair:2   | Reached skill level 6 in Fighting
 10017 | Lair:2   | Reached skill level 15 in Dodging
 10019 | Lair:2   | Found a hole to the Spider Nest.
 10615 | Lair:3   | Found a transporter.
 10712 | Lair:3   | Found a staircase to the Swamp.
 10942 | Lair:3   | Found a transporter.
 11200 | Lair:4   | Noticed Rupert
 11210 | Lair:4   | Killed Rupert
 11248 | Lair:4   | Reached XP level 14. HP: 84/84 MP: 25/25
 11278 | Lair:4   | Found a staircase to the Slime Pits.
 11279 | Lair:4   | Found a viscous altar of Jiyva.
 11466 | Lair:4   | Found a snail-covered altar of Cheibriados.
 11720 | Lair:4   | Noticed Nessos
 11725 | Lair:4   | Killed Nessos
 11889 | Lair:4   | Reached skill level 9 in Fighting
 11992 | Lair:4   | Noticed Urug
 12144 | Lair:4   | Killed Urug
 12212 | Lair:5   | Entered Level 5 of the Lair of Beasts
 12508 | Lair:5   | Noticed Sonja
 12513 | Lair:5   | Killed Sonja
 12601 | Lair:5   | Reached skill level 18 in Dodging
 13143 | Lair:5   | Reached XP level 15. HP: 93/93 MP: 26/26
 13597 | D:10     | Bought faintly humming pearl dragon scales for 3312 gold
                  | pieces
 13597 | D:10     | Identified the +5 pearl dragon scales "Bonemig" {Fly rPois
                  | rF+ rC+ rN+} (You bought it in a shop on level 10 of the
                  | Dungeon)
 13745 | D:3      | Killed Melody's ghost
 13865 | D:5      | Identified the +9 halberd "Yre Vom" {freeze, rPois MP-9
                  | Dex+3}
 13921 | D:7      | Bought the Vellum of Wildfire for 884 gold pieces
 13963 | D:10     | Bought an embroidered robe for 118 gold pieces
 13963 | D:10     | Bought a runed robe for 118 gold pieces
 14006 | D:12     | Found a staircase to the Orcish Mines.
 14316 | D:12     | Found a runed translucent gate.
 14316 | D:12     | Found a runed translucent gate.
 14316 | D:12     | Found a runed translucent gate.
 14316 | D:12     | Noticed bezhaha's ghost (journeyman DgAE)
 14317 | D:12     | Found an iron altar of Okawaru.
 14764 | D:12     | Killed bezhaha's ghost
 14765 | D:12     | Reached skill level 9 in Spellcasting
 14780 | Orc:1    | Entered Level 1 of the Orcish Mines
 14898 | Orc:2    | Entered Level 2 of the Orcish Mines
 15011 | Orc:1    | Found Xaciv's General Store.
 15044 | Orc:1    | Bought a scroll of blinking for 82 gold pieces
 15044 | Orc:1    | Bought a scroll of identify for 22 gold pieces
 15044 | Orc:1    | Bought 3 scrolls of butterflies for 132 gold pieces
 15137 | Orc:1    | Learned a level 3 spell: Mephitic Cloud
 15142 | Orc:1    | Learned a level 4 spell: Dimensional Bullseye
 15146 | Orc:1    | Learned a level 3 spell: Inner Flame
 15332 | D:13     | Found Koesuhid's Magic Scroll Shop.
 15450 | D:13     | Found Cashrouna's Distillery.
 15463 | D:13     | Bought a potion of magic for 112 gold pieces
 15463 | D:13     | Bought 2 potions of curing for 84 gold pieces
 15463 | D:13     | Bought a potion of mutation for 112 gold pieces
 15463 | D:13     | Bought a potion of curing for 42 gold pieces
 15463 | D:13     | Bought a potion of might for 56 gold pieces
 15463 | D:13     | Bought a potion of ambrosia for 112 gold pieces
 15463 | D:13     | Bought a potion of invisibility for 112 gold pieces
 15463 | D:13     | Bought a potion of resistance for 140 gold pieces
 15517 | D:13     | Found Hiat's General Store.
 15575 | D:13     | You fall into a shaft and drop 2 floors!
 15575 | D:15     | Entered Level 15 of the Dungeon
 15783 | D:13     | Reached skill level 12 in Spellcasting
 15786 | D:13     | Found Vocon's Book Emporium.
 15816 | D:13     | Found Heett's Assorted Antiques.
 15830 | D:13     | Bought a scroll labelled KIESTO RYRAGG for 28 gold pieces
 15830 | D:13     | Bought a scroll labelled UROOCYPHINT for 28 gold pieces
 16543 | D:14     | Learned a level 3 spell: Ozocubu's Armour
 16643 | D:14     | Reached XP level 16. HP: 100/100 MP: 30/36
 16744 | D:14     | Found a gate to the Vaults.
 16822 | D:15     | Noticed Kirke
 16830 | D:15     | Killed Kirke
 16831 | D:15     | Reached skill level 15 in Spellcasting
 17084 | D:15     | Found a portal to a secret trove of treasure.
 17318 | D:15     | Found a runed translucent gate.
 17318 | D:15     | Found a runed translucent gate.
 17318 | D:15     | Found a runed translucent gate.
 17318 | D:15     | Noticed Titt's ghost (journeyman FoSh)
 17363 | D:15     | Killed Titt's ghost
 17490 | D:15     | Found a staircase to the Depths.
 17787 | D:13     | Bought the Commentary on Amathomancy and Geometries for 476
                  | gold pieces
 17790 | D:13     | Learned a level 2 spell: Passwall
 18067 | Orc:2    | Found Ereow's Weapon Shop.
 18083 | Orc:2    | Found a staircase to the Elven Halls.
 18088 | Orc:2    | Reached skill level 18 in Spellcasting
 18334 | Orc:2    | Found Qax Meos's Antique Armour Boutique.
 18334 | Orc:2    | Found Dyixiuz's Antique Armour Boutique.
 18335 | Orc:2    | Found Zym Poepp's Book Shop.
 18335 | Orc:2    | Found Viocolac's Antique Armour Boutique.
 18346 | Orc:2    | Bought a dazzling scale mail for 180 gold pieces
 18346 | Orc:2    | Identified the +0 scale mail of Poor Excuses {Drain rPois
                  | rF++ Slay+5} (You bought it in a shop on level 2 of the
                  | Orcish Mines)
 18350 | Orc:2    | Bought a book of the Moon for 560 gold pieces
 18350 | Orc:2    | Bought a book of Iron for 448 gold pieces
 18356 | Orc:2    | Learned a level 5 spell: Lee's Rapid Deconstruction
 18517 | Elf:1    | Entered Level 1 of the Elven Halls
 18664 | Elf:1    | Reached skill level 6 in Earth Magic
 18794 | Elf:1    | Learned a level 5 spell: Borgnjor's Vile Clutch
 19045 | Elf:1    | Reached skill level 1 in Necromancy
 19140 | Elf:1    | Reached skill level 3 in Necromancy
 19171 | Elf:1    | Found Leedid's Antique Armour Shop.
 19231 | Elf:1    | Bought a pair of runed gloves for 247 gold pieces
 19255 | Elf:1    | Got Sif Muna's Vellum of the Congregation
 19435 | D:13     | Bought a scroll of enchant armour for 112 gold pieces
 19548 | Swamp:1  | Entered Level 1 of the Swamp
 19865 | Swamp:1  | Reached skill level 1 in Translocations
 19982 | Swamp:1  | Learned a level 4 spell: Passage of Golubria
 20037 | Swamp:2  | Reached XP level 17. HP: 104/104 MP: 16/41
 20149 | Swamp:2  | Reached skill level 3 in Translocations
 20353 | Swamp:2  | Noticed Frances
 20366 | Swamp:2  | Killed Frances
 20699 | Swamp:3  | Noticed a tentacled monstrosity
 20710 | Swamp:3  | Killed a tentacled monstrosity
 21210 | Swamp:3  | Reached skill level 21 in Spellcasting
 21299 | Swamp:3  | Noticed a tentacled monstrosity
 21303 | Swamp:3  | Killed a tentacled monstrosity
 21523 | Swamp:4  | Entered Level 4 of the Swamp
 22135 | Swamp:4  | Got a decaying rune of Zot
 22333 | Spider:1 | Entered Level 1 of the Spider Nest
 22475 | Spider:1 | Reached XP level 18. HP: 110/110 MP: 47/47
 23400 | Spider:2 | Reached skill level 24 in Spellcasting
 25005 | Spider:4 | Entered Level 4 of the Spider Nest
 25955 | Spider:4 | Reached skill level 27 in Spellcasting
 26137 | Spider:3 | Reached XP level 19. HP: 115/115 MP: 25/52
 26258 | Spider:4 | Reached skill level 9 in Earth Magic
 26406 | Spider:4 | Got a gossamer rune of Zot
 26719 | D:13     | Bought a scroll of revelation for 105 gold pieces
 26719 | D:13     | Bought the ring "Saal" {rC+ Dex+6} for 700 gold pieces
 26738 | D:13     | Bought a book of Blood for 392 gold pieces
 26738 | D:13     | Bought a book of Annihilations for 840 gold pieces
 26748 | D:13     | Learned a level 9 spell: Shatter
 26751 | D:13     | Learned a level 2 spell: Sublimation of Blood
 26773 | D:13     | Bought a scroll of teleportation for 84 gold pieces
 26773 | D:13     | Bought 2 potions of might for 224 gold pieces
 26861 | Orc:2    | Bought an embroidered robe for 99 gold pieces
 27084 | Elf:2    | Found a runed translucent gate.
 27101 | Elf:2    | Found a runed translucent gate.
 27220 | Elf:2    | Found a runed translucent gate.
 27238 | Elf:2    | Identified the +7 hand axe of Harmony {heavy, Will+}
 27268 | Elf:2    | Found Ulovuen's Assorted Antiques.
 27342 | Elf:2    | Bought a potion of mutation for 280 gold pieces
 27342 | Elf:2    | Bought a potion of invisibility for 280 gold pieces
 27644 | Elf:2    | Reached skill level 12 in Earth Magic
 27652 | Elf:2    | Noticed Agnes
 27663 | Elf:2    | Killed Agnes
 27821 | Elf:3    | Entered Level 3 of the Elven Halls
 28106 | Elf:3    | Found Maazeq's Antique Weapon Shop.
 28479 | Elf:3    | HP: 3/115 [deep elf master archer/stone (15)]
 28564 | Elf:3    | Reached skill level 15 in Earth Magic
 28696 | Elf:3    | Identified the +8 battleaxe of Sirock {heavy, rCorr Str-5
                  | Int+3 Stlth+}
 28696 | Elf:3    | Identified the amulet of Bangaama {Regen+ Str+3}
 28801 | Elf:3    | Identified the +7 ice dragon scales of Reason {Rampage rF-
                  | rC++}
 28804 | Elf:3    | Identified the +2 short sword of Xinkug {drain, Dex+5}
 28812 | Elf:3    | Identified the +9 scale mail of Vehumet's Displeasure
                  | {Will- rCorr Int+3 Dex+4}
 28812 | Elf:3    | Identified the orb "Doudyrgh" {light, rN++ Regen+ Dex-5}
 28828 | Elf:3    | Identified the +10 quarterstaff "Mimiasme" {vamp, rC+ rCorr
                  | Str-5 SInv}
 29074 | Orc:2    | Bought a book of Chaos for 700 gold pieces
 29077 | Orc:2    | Bought a glowing orb for 240 gold pieces
 29275 | Vaults:1 | Entered Level 1 of the Vaults
 29283 | Vaults:1 | Found Qovo's Antique Armour Shoppe.
 29288 | Vaults:1 | Bought the +3 hat of Pondering {ponderous, Will+ MP+10
                  | Int+5} for 990 gold pieces
 29288 | Vaults:1 | Found the +3 hat of Pondering {ponderous, Will+ MP+10
                  | Int+5}
 29308 | Vaults:1 | Found a magical portal.
 29496 | Vaults:1 | Reached XP level 20. HP: 119/120 MP: 21/53
 29726 | WizLab   | Entered Zonguldrok's Shrine
 30242 | WizLab   | Noticed an antique champion
 30242 | WizLab   | Noticed an antique champion
 30244 | WizLab   | Killed an antique champion
 30245 | WizLab   | Killed an antique champion
 30273 | WizLab   | Identified the +4 plate armour "Catutipo" {Rampage rElec
                  | Regen+ Str-3}
 30276 | WizLab   | Identified the +0 kite shield of the King of the Hill
                  | {*Slow +Inv rPois}
 30599 | Vaults:1 | Reached skill level 18 in Earth Magic
 30966 | Vaults:2 | Found Udeir's Book Emporium.
 30972 | Vaults:2 | Bought a book of Party Tricks for 396 gold pieces
 30974 | Vaults:2 | Learned a level 1 spell: Apportation
 30983 | Vaults:2 | Learned a level 8 spell: Lehudib's Crystal Spear
 31769 | Vaults:2 | Found a staircase to the Crypt.
 32066 | Crypt:1  | Entered Level 1 of the Crypt
 32068 | Crypt:1  | Reached XP level 21. HP: 124/124 MP: 54/54
 32099 | Crypt:1  | Reached skill level 21 in Earth Magic
 32140 | Crypt:1  | Noticed Donald
 32142 | Crypt:1  | Killed Donald
 32466 | Crypt:1  | Identified the serpent talisman of Miracles {Str+8 Int-3
                  | Slay+4}
 32466 | Crypt:1  | Noticed Aizul
 32469 | Crypt:1  | Killed Aizul
 32513 | Crypt:1  | Found an ancient bone altar of Kikubaaqudgha.
 32553 | Crypt:1  | Noticed Sojobo
 32559 | Crypt:1  | Killed Sojobo
 32791 | Vaults:3 | Found Vaitre's Antique Armour Shop.
 32855 | Vaults:3 | Found Daresury's Armour Shoppe.
 32919 | Vaults:3 | Noticed ragingrage's ghost (veteran HOFi)
 32920 | Vaults:3 | Found a runed translucent door.
 33254 | Vaults:3 | Found a flickering gateway to a bazaar.
 33257 | Bazaar   | Entered a bazaar
 33257 | Bazaar   | Found Guwyneig's Distillery.
 33257 | Bazaar   | Found Cuzxoipn's Weapon Shoppe.
 33257 | Bazaar   | Found Azxask's Antique Armour Shop.
 33259 | Bazaar   | Found Yril's Jewellery Boutique.
 33312 | Bazaar   | Bought a shimmering ring mail for 288 gold pieces
 33312 | Bazaar   | Identified the +8 ring mail of Tib Buor {rCorr} (You bought
                  | it in a shop in a bazaar)
 33315 | Bazaar   | Bought the ring of Temptation {Wiz rPois rCorr Dex-2 SInv}
                  | for 468 gold pieces
 33321 | Bazaar   | Bought a potion of brilliance for 52 gold pieces
 33321 | Bazaar   | Bought a potion of curing for 39 gold pieces
 33321 | Bazaar   | Bought a potion of heal wounds for 65 gold pieces
 33321 | Bazaar   | Bought a potion of heal wounds for 65 gold pieces
 33321 | Bazaar   | Bought a potion of curing for 39 gold pieces
 33321 | Bazaar   | Bought a potion of curing for 39 gold pieces
 33321 | Bazaar   | Bought a potion of haste for 130 gold pieces
 33321 | Bazaar   | Bought a potion of brilliance for 52 gold pieces
 33321 | Bazaar   | Bought a potion of invisibility for 104 gold pieces
 33361 | Vaults:3 | Found Rajay's Armour Shoppe.
 33367 | Vaults:3 | Bought a +2 cloak of willpower for 451 gold pieces
 33476 | Vaults:3 | Found Jawucw's Jewellery Shop.
 33635 | Vaults:3 | Killed ragingrage's ghost
 33751 | Vaults:3 | Bought a pair of embroidered gloves for 240 gold pieces
 33751 | Vaults:3 | Bought a runed robe for 118 gold pieces
 33930 | Vaults:4 | Noticed Mennas
 33938 | Vaults:4 | Killed Mennas
 34087 | Vaults:4 | Identified the ring "Aceaz" {Ice rN+++ Will+++ Str-3
                  | Stlth-}
 34109 | Vaults:5 | Entered Level 5 of the Vaults
 34111 | Vaults:5 | Reached skill level 24 in Earth Magic
 34114 | Vaults:5 | Reached XP level 22. HP: 130/130 MP: 55/55
 34143 | Vaults:5 | Noticed a dread lich
 34144 | Vaults:5 | Killed a dread lich
 34171 | Vaults:5 | Noticed Jory
 34174 | Vaults:5 | Killed Jory
 34207 | Vaults:5 | Noticed a golden dragon
 34216 | Vaults:5 | Killed a golden dragon
 34320 | Vaults:5 | Noticed a dread lich
 34322 | Vaults:5 | Killed a dread lich
 34371 | Vaults:5 | Identified the ring "Ykkaoz" {rF++ Will+ Dex+6}
 34552 | Vaults:5 | Identified the +6 mace "Tunwiere" {drain, rPois Str+4}
 34567 | Vaults:5 | Identified the staff of Xyso Baa {rElec rPois Dex+2 Poison}
 34568 | Vaults:5 | Identified the +3 long sword "Aceoss" {vamp, rPois rC++
                  | Int-5 SInv}
 34597 | Vaults:5 | Identified the staff of Elenwoj {rElec rC+ Str+3 Air}
 34598 | Vaults:5 | Identified the +1 short sword of Blind Justice {elec, Will+
                  | Int+3 Dex+3}
 34599 | Vaults:5 | Identified the +4 dagger "Muuvvias" {flame, rF+}
 34981 | Vaults:5 | Got a silver rune of Zot
 35069 | Vaults:5 | Identified the +0 rapier of Lust {heavy, rF+ Int+3}
 35070 | Vaults:5 | Identified the +4 ring mail of the Raven {rC+++ Dex+4
                  | Stlth-}
 35096 | Vaults:4 | Reached skill level 27 in Earth Magic
 35356 | Vaults:4 | Noticed Boris
 35359 | Vaults:4 | Killed Boris
 35708 | Vaults:2 | Bought Maxwell's Memoranda for 720 gold pieces
 35713 | Vaults:2 | Learned a level 4 spell: Vhi's Electric Charge
 35777 | Vaults:1 | Bought an encrusted orb for 364 gold pieces
 35777 | Vaults:1 | Identified the orb of Hedonism {light, rElec rPois rCorr
                  | Int-3} (You bought it in a shop on level 1 of the Vaults)
 35946 | Depths:1 | Entered Level 1 of the Depths
 35946 | Depths:1 | Noticed Mara
 35946 | Depths:1 | Found Felis's Jewellery Shoppe.
 35948 | Depths:1 | Killed Mara
 35949 | Depths:1 | Reached XP level 23. HP: 135/135 MP: 48/56
 35975 | Depths:1 | Bought the amulet "Kaqeota" {RegenMP Dex+3} for 736 gold
                  | pieces
 36129 | Depths:1 | Reached skill level 21 in Dodging
 36234 | Depths:1 | Found a one-way gateway to a ziggurat.
 36259 | Depths:1 | Found a gateway to Hell.
 36268 | Hell     | Entered the Vestibule of Hell
 36268 | Hell     | Noticed Geryon
 36275 | Hell     | Killed Geryon
 36380 | Depths:1 | Found Boiful's Antique Weapon Boutique.
 36388 | Depths:1 | Found Byne's Magic Scroll Shop.
 36398 | Depths:1 | Bought a scroll of immolation for 56 gold pieces
 36398 | Depths:1 | Bought a scroll of teleportation for 42 gold pieces
 36398 | Depths:1 | Bought a scroll of fear for 56 gold pieces
 36398 | Depths:1 | Bought a scroll of teleportation for 42 gold pieces
 36977 | Hell     | Upgraded the game from 0.31-a0-1068-g5939ac1fb6 to
                  | 0.31-a0-1072-g202bf7ea07
 37141 | Hell     | Found a gateway to the freezing wastes of Cocytus.
 37202 | Hell     | Found a gateway to the decaying netherworld of Tartarus.
 37242 | Hell     | Found a gateway to the ashen valley of Gehenna.
 37269 | Hell     | Found a gateway to the Iron City of Dis.
 37402 | Depths:2 | Reached skill level 24 in Dodging
 37458 | Depths:2 | Noticed a juggernaut
 37467 | Depths:2 | Killed a juggernaut
 37541 | Depths:2 | Reached XP level 24. HP: 78/140 MP: 42/56
 37756 | Depths:2 | Got the Papyrus of Power
 37759 | Depths:2 | Got Progressing With Witchery
 37968 | Depths:2 | Found a one-way gate leading to the halls of Pandemonium.
 38252 | Depths:2 | Found a glowing golden altar of the Shining One.
 38357 | Depths:3 | Noticed Louise
 38358 | Depths:3 | Killed Louise
 38374 | Depths:3 | Reached skill level 27 in Dodging
 38696 | Depths:3 | Found a one-way gate to the infinite horrors of the Abyss.
 38834 | Depths:3 | Reached skill level 12 in Fighting
 39161 | Depths:3 | Found the amulet of Vitality {RegenMP++ Regen++}
 39246 | Depths:3 | Identified the ring of Brilliance {rPois rF- Dex+2 Stlth+}
 39257 | Depths:3 | Identified the +4 orcbow of Punishment {speed, rF+ rN+
                  | Int+3}
 39383 | Depths:4 | Entered Level 4 of the Depths
 39468 | Depths:4 | Noticed a juggernaut
 39470 | Depths:4 | Noticed a juggernaut
 39471 | Depths:4 | Killed a juggernaut
 39472 | Depths:4 | Reached skill level 6 in Necromancy
 39478 | Depths:4 | Killed a juggernaut
 39618 | Depths:4 | Reached XP level 25. HP: 150/150 MP: 50/56
 39680 | Depths:4 | Found a gate to the Realm of Zot.
 39787 | Depths:4 | Found a hide-covered altar of Uskayaw.
 39958 | Zot:1    | Entered Level 1 of the Realm of Zot
 39967 | Zot:1    | Found a transporter.
 39967 | Zot:1    | Noticed an orb of fire
 39971 | Zot:1    | Noticed a dread lich
 39973 | Zot:1    | Found a radiant altar of Vehumet.
 39994 | Zot:1    | Noticed an ancient lich
 40023 | Zot:1    | Noticed an orb of fire
 40029 | Zot:1    | Noticed an ancient lich
 40298 | Zot:1    | Noticed Grunn
 40300 | Zot:1    | Killed Grunn
 40498 | Zot:1    | Noticed Parghit
 40501 | Zot:1    | Killed Parghit
 40600 | Zot:1    | Reached skill level 6 in Shapeshifting
 40808 | Zot:1    | Killed a dread lich
 40810 | Zot:1    | Killed an ancient lich
 40811 | Zot:1    | Killed an ancient lich
 40813 | Zot:1    | Reached skill level 9 in Shapeshifting
 40813 | Zot:1    | Killed an orb of fire
 40816 | Zot:1    | Killed an orb of fire
 40857 | Zot:1    | Found a transporter.
 40886 | Zot:1    | Identified the ring of Askogg {Wiz rElec Int+3}
 41013 | Zot:2    | Reached skill level 12 in Shapeshifting
 41053 | Zot:2    | Noticed an orb of fire
 41056 | Zot:2    | Gained mutation: You do not regenerate when monsters are
                  | visible. [an orb of fire]
 41058 | Zot:2    | Gained mutation: You have hidden genetic defects. [an orb
                  | of fire]
 41059 | Zot:2    | Killed an orb of fire
 41060 | Zot:2    | Lost mutation: You do not regenerate when monsters are
                  | visible. [potion of mutation]
 41060 | Zot:2    | Lost mutation: You have hidden genetic defects. [potion of
                  | mutation]
 41060 | Zot:2    | Gained mutation: You are vulnerable to heat. (rF-) [potion
                  | of mutation]
 41060 | Zot:2    | Gained mutation: You have a somewhat thin skeletal
                  | structure. (Dex +2, Stealth+) [potion of mutation]
 41161 | Zot:2    | Identified the +5 shortbow of Tupe Gour {heavy, Int+3}
 41232 | Zot:2    | Identified the +0 chain mail of Absolutism {Str+3}
 41641 | Zot:3    | Noticed a Killer Klown
 41644 | Zot:3    | Killed a Killer Klown
 41815 | Zot:3    | Reached XP level 26. HP: 149/158 MP: 24/56
 42174 | Zot:4    | Found a transporter.
 42246 | Zot:4    | Reached skill level 15 in Shapeshifting
 42312 | Zot:4    | Identified a scroll of acquirement
 42315 | Zot:4    | Acquired the +3 helmet of Iseff {Will+ Int+2}
 42393 | Zot:4    | Found a transporter.
 42758 | Zot:4    | Identified the ring "Deekogoh" {Fire Fly}
 42766 | Zot:4    | Identified the ring "Myarast" {*Slow rN+++ EV+5 Int+9}
 43116 | D:15     | Lost mutation: You are vulnerable to heat. (rF-) [potion of
                  | mutation]
 43116 | D:15     | Lost mutation: You have a somewhat thin skeletal structure.
                  | (Dex +2, Stealth+) [potion of mutation]
 43116 | D:15     | Gained mutation: You occasionally lose the ability to read
                  | scrolls when taking damage. [potion of mutation]
 43116 | D:15     | Gained mutation: You are robust. (+10% HP) [potion of
                  | mutation]
 43117 | D:15     | Lost mutation: You are robust. (+10% HP) [potion of
                  | mutation]
 43117 | D:15     | Lost mutation: You occasionally lose the ability to read
                  | scrolls when taking damage. [potion of mutation]
 43117 | D:15     | Gained mutation: You do not regenerate when monsters are
                  | visible. [potion of mutation]
 43118 | D:15     | Lost mutation: You do not regenerate when monsters are
                  | visible. [potion of mutation]
 43118 | D:15     | Gained mutation: Your movements are slightly less
                  | encumbered by armour. (ER -2) [potion of mutation]
 43167 | Geh:1    | Entered Level 1 of Gehenna
 43411 | Geh:2    | Reached skill level 6 in Conjurations
 43685 | D:15     | You paid a toll of a +7 demon whip to enter a treasure
                  | trove
 43686 | Trove    | Entered a treasure trove
 43690 | Trove    | Identified the +1 whip "Guce" {antimagic, rCorr}
 43691 | Trove    | Identified the +6 short sword of Stained Tender Mercy
                  | {antimagic, Stlth+}
 43692 | Trove    | Identified the +3 hand axe "Cisom" {antimagic, rF+ Will+
                  | Stlth+}
 43696 | Trove    | Identified the +7 whip of Midsummer {heavy, rF+ rC+ rN+
                  | Str+3}
 43697 | Trove    | Identified the +10 sling "glosham's Peril" {heavy, rCorr}
 43704 | Trove    | Identified the +2 whip "Liukau" {venom, +Blink}
 43705 | Trove    | Identified the +4 mace of Qazlal's Supremacy {venom, rF+
                  | rN++ Str+2 Int-2}
 43709 | Trove    | Identified the +0 hand axe of Xyubuter {distort, rN++}
 43710 | Trove    | Identified the +5 mace of the Ageless Princes {distort, rN+
                  | Stlth+}
 43774 | Crypt:2  | Reached skill level 18 in Shapeshifting
 43824 | Crypt:3  | Entered Level 3 of the Crypt
 43894 | Crypt:2  | Reached skill level 9 in Necromancy
 44920 | Crypt:3  | Found a staircase to the Tomb.
 45026 | Crypt:3  | Identified the +3 spear "Yvisusteu" {flame, Drain Will+
                  | Str+8 Int+2}
 45031 | Crypt:3  | Noticed a dread lich
 45033 | Crypt:3  | Killed a dread lich
 45092 | Crypt:3  | Identified the ring of Hepliaklqana's Grace {rPois rN+}
 45158 | Crypt:3  | Found an ancient bone altar of Kikubaaqudgha.
 45160 | Crypt:3  | Noticed a dread lich
 45163 | Crypt:3  | Killed a dread lich
 45164 | Crypt:3  | Reached XP level 27. HP: 163/163 MP: 51/56
 45171 | Crypt:3  | Noticed a dread lich
 45171 | Crypt:3  | Noticed a dread lich
 45173 | Crypt:3  | Killed a dread lich
 45174 | Crypt:3  | Killed a dread lich
 45462 | Tomb:1   | Entered Level 1 of the Tomb of the Ancients
 45480 | Tomb:1   | Noticed a royal mummy
 45480 | Tomb:1   | Noticed a royal mummy
 45481 | Tomb:1   | Noticed a royal mummy
 45483 | Tomb:1   | Killed a royal mummy
 45484 | Tomb:1   | Killed a royal mummy
 45485 | Tomb:1   | Killed a royal mummy
 45485 | Tomb:1   | Noticed a royal mummy
 45486 | Tomb:1   | Noticed a royal mummy
 45486 | Tomb:1   | Killed a royal mummy
 45488 | Tomb:1   | Killed a royal mummy
 45488 | Tomb:1   | Lost strength.
 45488 | Tomb:1   | Noticed a royal mummy
 45492 | Tomb:1   | Killed a royal mummy
 45500 | Tomb:1   | Noticed a royal mummy
 45503 | Tomb:1   | Killed a royal mummy
 45503 | Tomb:1   | Noticed a royal mummy
 45504 | Tomb:1   | Reached skill level 21 in Shapeshifting
 45508 | Tomb:1   | Killed a royal mummy
 45515 | Tomb:1   | Noticed a royal mummy
 45518 | Tomb:1   | Killed a royal mummy
 45518 | Tomb:1   | Noticed a royal mummy
 45522 | Tomb:1   | Killed a royal mummy
 45532 | Tomb:1   | Noticed a royal mummy
 45537 | Tomb:1   | Killed a royal mummy
 45537 | Tomb:1   | Noticed a royal mummy
 45542 | Tomb:1   | Killed a royal mummy
 45591 | Tomb:1   | Noticed a royal mummy
 45592 | Tomb:1   | Killed a royal mummy
 45747 | Tomb:2   | Noticed a royal mummy
 45752 | Tomb:2   | Killed a royal mummy
 45752 | Tomb:2   | Noticed a royal mummy
 45757 | Tomb:2   | Killed a royal mummy
 45757 | Tomb:2   | Noticed a royal mummy
 45760 | Tomb:2   | Killed a royal mummy
 45764 | Tomb:2   | Noticed a royal mummy
 45768 | Tomb:2   | Killed a royal mummy
 45927 | Tomb:3   | Entered Level 3 of the Tomb of the Ancients
 45930 | Tomb:3   | Identified the +0 cloak of the Morning Star {*Slow rC+
                  | Will+ Int+3}
 45931 | Tomb:3   | Noticed a royal mummy
 45934 | Tomb:3   | Noticed a royal mummy
 45935 | Tomb:3   | Killed a royal mummy
 45935 | Tomb:3   | Noticed a royal mummy
 45936 | Tomb:3   | Killed a royal mummy
 45936 | Tomb:3   | Noticed a royal mummy
 45937 | Tomb:3   | Killed a royal mummy
 45937 | Tomb:3   | Noticed a royal mummy
 45938 | Tomb:3   | Reached skill level 15 in Fighting
 45938 | Tomb:3   | Killed a royal mummy
 45938 | Tomb:3   | Noticed a royal mummy
 45940 | Tomb:3   | Killed a royal mummy
 45940 | Tomb:3   | Noticed a royal mummy
 45941 | Tomb:3   | Killed a royal mummy
 45943 | Tomb:3   | Killed a royal mummy
 45945 | Tomb:3   | Noticed a royal mummy
 45946 | Tomb:3   | Noticed a royal mummy
 45947 | Tomb:3   | Killed a royal mummy
 45953 | Tomb:3   | Killed a royal mummy
 46099 | Tomb:3   | Got a golden rune of Zot
 46145 | Tomb:3   | Found the +6 Majin-Bo {spellvamp, MP+6 Int+6}
 46239 | Tomb:3   | Found the +8 whip "Snakebite" {venom, curare, rPois}
 46239 | Tomb:3   | Found the +16 obsidian axe {drain, demonic, Mesm Drain Fly
                  | SInv}
 46239 | Tomb:3   | Found the necklace of Bloodlust {Fury *Rage Will++ Int-3
                  | Slay+6}
 46277 | Tomb:3   | Identified the +6 hand cannon "Ekhliapt" {freeze, Fragile
                  | rElec rPois Will++}
 46278 | Tomb:3   | Identified the +3 flail of the Building Firefly {heavy,
                  | Dex+2}
 46280 | Tomb:3   | Identified the +3 leather armour of the Lair of Beasts {rF+
                  | Will+}
 46281 | Tomb:3   | Identified the +12 broad axe "Cinoli Nifo" {drain, *Rage
                  | rN++ Str+2 Int+4}
 46474 | Tomb:1   | Noticed Boris
 46476 | Tomb:1   | Killed Boris
 46483 | Tomb:1   | Noticed a royal mummy
 46485 | Tomb:1   | Killed a royal mummy
 46488 | Tomb:1   | Noticed a royal mummy
 46505 | Tomb:1   | Killed a royal mummy
 46588 | Crypt:2  | Upgraded the game from 0.31-a0-1072-g202bf7ea07 to
                  | 0.31-a0-1082-g7d1fb776a8
 46618 | Vaults:2 | Bought a manual of Translocations for 1680 gold pieces
 46627 | Vaults:2 | Learned a level 8 spell: Disjunction
 46657 | Vaults:1 | Bought a book of Ice for 800 gold pieces
 46667 | Vaults:1 | Learned a level 9 spell: Polar Vortex
 46675 | Vaults:1 | Learned a level 7 spell: Ozocubu's Refrigeration
 46782 | Slime:1  | Entered Level 1 of the Pits of Slime
 46793 | Slime:1  | Reached skill level 1 in Ice Magic
 46846 | Slime:2  | Reached skill level 6 in Translocations
 46873 | Slime:3  | Reached skill level 3 in Ice Magic
 46881 | Slime:3  | Reached skill level 6 in Ice Magic
 47055 | Slime:4  | Reached skill level 9 in Ice Magic
 47113 | Slime:5  | Entered Level 5 of the Pits of Slime
 47430 | Slime:5  | Reached skill level 12 in Ice Magic
 47644 | Slime:5  | Found a viscous altar of Jiyva.
 47660 | Slime:5  | Noticed the Royal Jelly
 47740 | Slime:5  | Killed the Royal Jelly
 47796 | Slime:5  | Got a slimy rune of Zot
 47799 | Slime:5  | Identified the +1 leather armour of the Sturgeon {Harm
                  | Str+2}
 47810 | Slime:5  | Identified the ring of Attitude {rC+ rCorr MP-9 Int+6}
 47818 | Slime:5  | Identified the +2 arbalest "Tijien" {penet, rF+}
 47851 | Slime:5  | Identified the +0 sling "Kuratysma" {speed, Fly rF+}
 47852 | Slime:5  | Identified the +5 trident of Urgency {venom, Str+3 Int+3}
 47894 | Slime:5  | Reached skill level 15 in Ice Magic
 48369 | Geh:5    | Noticed an ancient lich
 48372 | Geh:5    | Killed an ancient lich
 48567 | Geh:7    | Entered Level 7 of Gehenna
 49030 | Geh:7    | Reached skill level 18 in Ice Magic
 49182 | Geh:7    | Noticed the Serpent of Hell
 49216 | Geh:7    | Killed the Serpent of Hell
 49438 | Geh:7    | Identified the ring "Gomnapn" {Ice rN+ rCorr}
 49477 | Geh:7    | Found the +13 sceptre of Asmodeus
 49477 | Geh:7    | Noticed Asmodeus
 49488 | Geh:7    | Killed Asmodeus
 49513 | Geh:7    | Got an obsidian rune of Zot
 49594 | Depths:3 | Voluntarily entered the Abyss.
 49944 | Abyss:2  | Found a corrupted altar of Lugonu.
 50052 | Abyss:3  | Reached skill level 9 in Translocations
 50209 | Abyss:3  | Reached skill level 12 in Translocations
 50220 | Abyss:4  | Found a corrupted altar of Lugonu.
 50244 | Abyss:5  | Found a corrupted altar of Lugonu.
 50298 | Abyss:5  | Got an abyssal rune of Zot
 50362 | Depths:3 | Escaped the Abyss
 50400 | Pan      | Entered Pandemonium
 50489 | Pan      | Identified the +3 leather armour of Vexation {Stlth+}
 50510 | Pan      | Reached skill level 15 in Translocations
 50884 | Pan      | Reached skill level 1 in Fire Magic
 50973 | Pan      | Reached skill level 3 in Fire Magic
 50979 | Pan      | Found a glowing silver altar of Zin.
 51104 | Pan      | Found a white marble altar of Elyvilon.
 51156 | Pan      | Reached skill level 6 in Fire Magic
 51228 | Pan      | Learned a level 8 spell: Ignition
 51450 | Pan      | Found a glowing golden altar of the Shining One.
 51453 | Pan      | Noticed a seraph
 51459 | Pan      | Killed a seraph
 51460 | Pan      | Reached skill level 9 in Fire Magic
 51495 | Pan      | Identified the +4 ring mail of Zabiyl {rF+ rN+ Regen+}
 51496 | Pan      | Got a demonic rune of Zot
 51501 | Pan      | Identified the amulet "Bokizy" {Rampage Regen+}
 51503 | Pan      | Identified the +12 rapier of Stickiness {flame, Fragile
                  | Will+ Str+4 Int+5}
 51619 | Pan      | Noticed Xiophom the pandemonium lord
 51624 | Pan      | Killed Xiophom the pandemonium lord
 51692 | Pan      | Identified the amulet "Qoqurou" {Acrobat rC+ Dex+4}
 51697 | Pan      | Noticed Xumutos the pandemonium lord
 51707 | Pan      | Killed Xumutos the pandemonium lord
 51710 | Pan      | Reached skill level 12 in Fire Magic
 51723 | Pan      | Identified the ring "Nafijig" {rC+ rN+ rCorr MP+9 Int+3}
 51728 | Pan      | Found an exit through the horrors of the Abyss.
 51783 | Pan      | Entered the realm of Lom Lobon.
 51986 | Pan      | Noticed Lom Lobon
 52016 | Pan      | Killed Lom Lobon
 52019 | Pan      | Got a magical rune of Zot
 52080 | Pan      | Noticed Ytepair the pandemonium lord
 52086 | Pan      | Killed Ytepair the pandemonium lord
 52087 | Pan      | Reached skill level 15 in Fire Magic
 52301 | Pan      | Entered the realm of Mnoleg.
 52350 | Pan      | Found an exit through the horrors of the Abyss.
 52493 | Pan      | Reached skill level 21 in Ice Magic
 52882 | Pan      | Noticed Mnoleg
 52887 | Pan      | Killed Mnoleg
 52904 | Pan      | Got a glowing rune of Zot
 53140 | Pan      | Found an exit through the horrors of the Abyss.
 53282 | Pan      | Noticed Aclu Huqyrr the pandemonium lord
 53283 | Pan      | Killed Aclu Huqyrr the pandemonium lord
 53302 | Pan      | Identified the +10 flail of Resourcefulness {vamp, MP+9}
 53422 | Pan      | Noticed Hyethruusk the pandemonium lord
 53427 | Pan      | Killed Hyethruusk the pandemonium lord
 53481 | Depths:3 | Escaped Pandemonium
 53485 | Pan      | Entered Pandemonium
 53543 | Pan      | Found a runed translucent door.
 53625 | Pan      | Noticed Ocagumu the pandemonium lord
 53629 | Pan      | Killed Ocagumu the pandemonium lord
 53888 | Pan      | Reached skill level 24 in Ice Magic
 53978 | Pan      | Noticed Ydda the pandemonium lord
 53984 | Pan      | Killed Ydda the pandemonium lord
 54225 | Pan      | Entered the realm of Gloorx Vloq.
 54252 | Pan      | Noticed Gloorx Vloq
 54259 | Pan      | Killed Gloorx Vloq
 54279 | Pan      | Got a dark rune of Zot
 54373 | Pan      | Entered the realm of Cerebov.
 54464 | Pan      | Found an exit through the horrors of the Abyss.
 54728 | Pan      | Identified the +2 shortbow of World Downfall {speed, rN+}
 54754 | Pan      | Identified the +1 helmet of Slovenliness {rF+}
 54771 | Pan      | Found the +6 sword of Cerebov {flame}
 54771 | Pan      | Noticed Cerebov
 54780 | Pan      | Killed Cerebov
 54799 | Pan      | Identified the +4 ring mail "Ycsolo" {Drain rElec Dex+7}
 54821 | Pan      | Identified the +6 dagger "Impslayer" {speed, rElec Dex+2}
 54822 | Pan      | Got a fiery rune of Zot
 54855 | Pan      | Took an exit into the Abyss.
 54855 | Abyss:5  | Escaped into the Abyss
 54893 | Abyss:5  | Found a corrupted altar of Lugonu.
 54917 | Depths:3 | Escaped the Abyss
 54948 | Coc:1    | Entered Level 1 of Cocytus
 55117 | Coc:3    | Reached skill level 27 in Ice Magic
 55212 | Coc:4    | Reached skill level 21 in Ranged Weapons
 55530 | Coc:7    | Entered Level 7 of Cocytus
 55689 | Coc:7    | Reached skill level 18 in Fighting
 55718 | Coc:7    | Paralysed by a wendigo for 1 turns
 55838 | Coc:7    | Reached skill level 24 in Ranged Weapons
 56057 | Coc:7    | Paralysed by a wendigo for 1 turns
 56288 | Coc:7    | Noticed Antaeus
 56319 | Coc:7    | Killed Antaeus
 56348 | Coc:7    | Got an icy rune of Zot
 56414 | Tar:1    | Entered Level 1 of Tartarus
 56529 | Tar:4    | You fall into a shaft and drop 2 floors!
 56550 | Tar:7    | Entered Level 7 of Tartarus
 56832 | Tar:7    | Identified the +3 rapier "Peoxtaz" {flame, Will+}
 56841 | Tar:7    | Reached skill level 27 in Ranged Weapons
 56852 | Tar:7    | Identified the +8 quarterstaff of Irritation {antimagic,
                  | rN+ Str+2}
 56885 | Tar:7    | Identified the +9 arbalest of Fortitude {heavy, Int+2
                  | Dex+3}
 56886 | Tar:7    | Identified the +10 plate armour "Riosmaq" {rPois rF+
                  | Regen+}
 57274 | Tar:7    | Noticed Ereshkigal
 57277 | Tar:7    | Reached skill level 21 in Fighting
 57284 | Tar:7    | Killed Ereshkigal
 57315 | Tar:7    | Got a bone rune of Zot
 57323 | Tar:7    | Learned a level 6 spell: Plasma Beam
 57387 | Dis:1    | Entered Level 1 of the Iron City of Dis
 57528 | Dis:3    | Noticed an ancient lich
 57528 | Dis:3    | Noticed a dread lich
 57528 | Dis:3    | Noticed a dread lich
 57529 | Dis:3    | Noticed a dread lich
 57529 | Dis:3    | Noticed a dread lich
 57529 | Dis:3    | Noticed a dread lich
 57530 | Dis:3    | Killed a dread lich
 57530 | Dis:3    | Killed a dread lich
 57530 | Dis:3    | Killed an ancient lich
 57530 | Dis:3    | Killed a dread lich
 57531 | Dis:3    | Killed a dread lich
 57531 | Dis:3    | Killed a dread lich
 57533 | Dis:3    | Noticed an ancient lich
 57539 | Dis:3    | Killed an ancient lich
 57875 | Dis:5    | Found a burning altar of Makhleb.
 57940 | Dis:7    | Entered Level 7 of the Iron City of Dis
 58111 | Dis:7    | Reached skill level 24 in Fighting
 58303 | Dis:7    | Noticed a juggernaut
 58312 | Dis:7    | Killed a juggernaut
 58717 | Dis:7    | Noticed a juggernaut
 58720 | Dis:7    | Killed a juggernaut
 58820 | Dis:7    | Identified the +5 robe of Untruth {Int+3}
 58821 | Dis:7    | Identified the staff of Voxaz {Will+ Str+2 Conj}
 59240 | Dis:7    | Noticed Dispater
 59244 | Dis:7    | Noticed a juggernaut
 59246 | Dis:7    | Killed a juggernaut
 59246 | Dis:7    | Killed Dispater
 59278 | Dis:7    | Got an iron rune of Zot
 59331 | Depths:3 | Upgraded the game from 0.31-a0-1082-g7d1fb776a8 to
                  | 0.31-a0-1084-gb392501acf
 59403 | Zot:5    | Entered Level 5 of the Realm of Zot
 59435 | Zot:5    | Noticed an orb of fire
 59442 | Zot:5    | Killed an orb of fire
 59444 | Zot:5    | Noticed an orb of fire
 59444 | Zot:5    | Noticed an orb of fire
 59452 | Zot:5    | Killed an orb of fire
 59454 | Zot:5    | Killed an orb of fire
 59468 | Zot:5    | Noticed an orb of fire
 59475 | Zot:5    | Noticed an orb of fire
 59476 | Zot:5    | Killed an orb of fire
 59478 | Zot:5    | Noticed an ancient lich
 59479 | Zot:5    | Killed an orb of fire
 59481 | Zot:5    | Killed an ancient lich
 59485 | Zot:5    | Got the Orb of Zot
 59699 | D:3      | Noticed Feegach the pandemonium lord
 59708 | D:2      | Noticed Till the pandemonium lord
 59708 | D:2      | Noticed an ancient lich
 59712 | D:$      | Escaped with the Orb!

Illustrated notes

Levels and vault maps discovered:
D:1:      minmay_arrival_radiant_lines, layout_basic
D:2:      layout_loops_ring, basic_altar, solitary_fountain,
          minmay_tetromino_i4, uniq_natasha
D:3:      layout_rooms, gammafunk_ghost_smash
D:4:      layout_basic, mainiacjoe_overflow_surrounded_room,
          pdpol_wu_jian_five_deadly_venoms, kennysheep_flooded_box, hex_medium,
          kennysheep_minor_cross
D:5:      cheibrodos_iron_armory, layout_basic
D:6:      layout_rooms, lemuel_mausoleum_altar_kikubaaqudgha,
          nicolae_overflow_hidden_temple, grunt_dithmenos_smoke,
          nicolae_qazlal_scattered_showers, minmay_temple_entry_enclosed_plants,
          serial_bayou_pond_d, guppyfry_shop_venom
D:7:      layout_layer_cave, enter_bailey_2, grunt_ogre_cave,
          nicolae_elemental_shop
D:8:      layout_gridville, uniq_prince_ribbit1
D:9:      layout_layer_cave, lightli_orcish_oven, uniq_maggie, uniq_pikel
D:10:     hellmonk_paralyzer, layout_irregular_city,
          mainiacjoe_overflow_boulevard, mainiacjoe_overflow_swirl,
          minmay_misc_feat_room, nicolae_stop_n_shop_2, grunt_ministairs_13
D:11:     layout_long_grid, dpeg_lair_monsters, portal_ice_cave_entry_pillars_2,
          gauntlet_entry_generic, nicolae_straight_to_the_point
D:12:     layout_rooms, orc_david_3, gammafunk_ghost_fury_of_okawaru,
          hangedman_decor_growths
D:13:     layout_rooms, serial_shops, shop, nicolae_shop_waterfront, shop,
          nicolae_shop_stone, shop, lemuel_flamethrower_1
D:14:     layout_basic, skrybe_vaults_entry_preservation, serial_demonic,
          serial_demonic_f, serial_demonic_c, serial_demonic_c,
          serial_demonic_e, hangedman_decor_diamond_cutter, minivault_16
D:15:     gammafunk_depths_entry_grave, layout_rooms,
          nicolae_trove_entry_crystal, minmay_misc_feat_diagonals,
          ebering_ghost_rock_garden, serial_bayou_pond_b, minmay_starry_boxes,
          uniq_kirke
Temple:   cyrus_circular_temple
Lair:1:   layout_roguey, minivault_24, uniq_joseph
Lair:2:   layout_gridlike, nicolae_spider_entry_lesser_pyramids, minivault_24,
          grunt_megastairs_4, infiniplex_staircase_pool_2
Lair:3:   gammafunk_boulding_lane, layout_long_grid, swamp_mist_pool,
          cheibrodos_lair_lostbears
Lair:4:   regret_index_combs_of_tragedy, layout_small_grid,
          minmay_slime_entry_pillars, chequers_serial_rivers_micro_c,
          kennysheep_snail_temple, uniq_rupert, uniq_nessos, uniq_urug
Lair:5:   evilmike_catoblepas_cave, layout_layer_cave,
          grunt_forest_large_clearing_hut, uniq_sonja
Swamp:1:  layout_basic_swamp, nicolae_swamp_triple_paths,
          infiniplex_staircase_pool
Swamp:2:  layout_basic_swamp, nicolae_swamp_some_circles, swamp_pool_5,
          nicolae_swamp_alligator_family, uniq_frances
Swamp:3:  nzn_winding_woodlands_three_and_one
          [nzn_winding_woodlands_5x15_split_checker,
          nzn_winding_woodlands_5x15_parted,
          nzn_winding_woodlands_5x15_river_crossing,
          nzn_winding_woodlands_center_pierced_h], layout_basic_swamp,
          evilmike_swamp_ruin_house_6
Swamp:4:  swamp_icy, layout_basic_swamp
Spider:1: layout_chambers, nicolae_looking_at_the_future
Spider:2: layout_cave_pods
Spider:3: layout_cave_pods, hangedman_spider_tarantella_strand
Spider:4: spider_rune_water
Slime:1:  layout_caves
Slime:2:  layout_caves
Slime:3:  layout_caves, nicolae_slime_round_cave
Slime:4:  layout_caves, cheibrodos_slime_lost_civilization_5
Slime:5:  slime_pit_nicolae_amoeboid
Orc:1:    layout_caves, serial_shops, nicolae_shop_statue_plus
Orc:2:    st_orc_pillars, layout_caves, serial_shops, nicolae_shop_tiny_glass,
          nicolae_orc_sculptors_studio
Elf:1:    layout_gridlike, serial_aquarium, aquarium_bridge_long_separate
          [aquarium_subvault_balcony, aquarium_subvault_window,
          aquarium_subvault_bridge, aquarium_subvault_balcony,
          aquarium_subvault_wall, aquarium_subvault_bridge],
          aquarium_bridge_square [aquarium_subvault_bridge,
          aquarium_subvault_wall, aquarium_subvault_wall,
          aquarium_subvault_bridge], aquarium_window_2, aquarium_window_1,
          aquarium_view_2e, aquarium_view_2e, aquarium_balcony_5b,
          aquarium_pool_split, serial_shops, shop, minmay_elf_demonology
Elf:2:    elven_hall_of_blades_hangedman_original
          [nicolae_blade_entry_area_security], layout_loops_cross, serial_shops,
          shop, uniq_agnes
Elf:3:    minmay_elf_hall_circle, layout_loops_cross, serial_shops,
          nicolae_shop_pleasant_corner_grove, wad_floor_pattern_untrapped
Vaults:1: infiniplex_enter_wizlab_glasses, nicolae_vaults_double_plus_2,
          vaults_room_glass_cross, nicolae_vaults_what_the_h, vaults_mumra_lcd,
          nicolae_vaults_cornered_office, v_misc_16,
          nicolae_vaults_three_branches, nicolae_vaults_little_squares_3,
          ontoclasm_vaults_chip, nicolae_vaults_tangram_2,
          nicolae_vaults_storage_room_doors, nicolae_vaults_more_shelving_2,
          vaults_standard_mumra_x, vaults_room_semicircle,
          layout_vaults_omnigrid, serial_shops, shop
Vaults:2: nicolae_vaults_apartment_2, nicolae_vaults_sesquioval_fish,
          minmay_crypt_entry_skeletal_spiral, nicolae_vaults_tetromino_L_1,
          v_alt_pattern_3, nicolae_vaults_house_1, v_misc_14,
          nicolae_vaults_network_barrier, nicolae_vaults_circle_grid_b,
          v_alt_pattern_3, nicolae_vaults_tetromino_T_1, v_misc_14, v_misc_30,
          v_misc_24, nicolae_vaults_six-pack, layout_vaults_big_room,
          serial_shops, nicolae_book_shop_shelving
Vaults:3: ebering_ghost_inner_flame, nicolae_vaults_network_periphery,
          v_pattern_3, nicolae_vaults_storage_closets_2,
          nicolae_vaults_mini_display_case, vaults_room_ringed_pool,
          nicolae_vaults_security_offices_1, ontoclasm_vaults_shuriken,
          hangedman_vaults_capsules, vaults_dpeg_emergency_exit,
          hangedman_vaults_nails, vaults_room_stairs_pillars,
          layout_vaults_ring, serial_shops, bzr_firewalk,
          nicolae_shop_advertising_works [nicolae_subvault_shop_adworks],
          nicolae_shop_waterfront, shop, shop
Vaults:4: v_misc_10, v_pattern_1, nicolae_vaults_cochlea, v_misc_12,
          nicolae_vaults_network_square, vaults_dpeg_encased_lava,
          ontoclasm_vaults_ring_large, hangedman_vaults_snaps,
          hangedman_vaults_variations, serial_library_hellmonk_big_corner,
          nicolae_vaults_diagonal_hallway_9, nicolae_vaults_oval_intersection,
          layout_vaults_omnibox, uniq_mennas, uniq_boris
Vaults:5: uniq_jory
Crypt:1:  layout_rooms, grunt_megastairs_2, lemuel_upstairs_altar, uniq_donald,
          uniq_aizul, uniq_sojobo
Crypt:2:  layout_catacombs, amcnicky_mini_rare_corridor_liquid,
          grunt_megastairs_5
Crypt:3:  quadcrypt_mu
Tomb:1
Tomb:2
Tomb:3
Depths:1: hangedman_cross_stitches, layout_gridlike, enter_ziggurat_f,
          special_room [special_room_jelly], serial_aquarium,
          aquarium_bridge_straight [aquarium_subvault_bridge,
          aquarium_subvault_balcony, aquarium_subvault_bridge,
          aquarium_subvault_window], aquarium_window_2,
          aquarium_window_corridor_3, aquarium_window_1, aquarium_view_2c,
          aquarium_balcony_double_4, aquarium_pool_five, serial_shops, shop,
          hell_entry, kennysheep_generic_room_15, minmay_shoptagon, uniq_mara
Depths:2: minmay_the_grid_octo_tiled_octocenter
          [minmay_the_grid_octo_vomiting_pacman,
          minmay_the_grid_octo_fat_diamond,
          minmay_the_grid_octo_tetromino_candy, minmay_the_grid_octo_teeth,
          minmay_the_grid_octo_prize_square_snowflake,
          minmay_the_grid_square_5x5_minimal,
          minmay_the_grid_square_5x5_hollow_slash,
          minmay_the_grid_square_5x5_empty, minmay_the_grid_square_5x5_n],
          layout_honeycomb, nicolae_tso_swordbearing_angel,
          rand_demon_pan_entry_9, hell_entry
Depths:3: gold_lair_mu, layout_gridlike, rand_demon_pan_entry_1, hell_entry,
          dk_noncrumbling_3, nicolae_abyss_entry_one_way_or_another,
          infiniplex_staircase_zigzag_2
Depths:4: grunt_zot_entry_alcove, layout_cave_shapes, hangedman_geh_valley,
          lemuel_coloured_pillars_altar, pan_entry
Hell
Dis:1:    layout_overlapping_boxes, nicolae_dis_grated_feature
Dis:2:    layout_subdivisions, nicolae_dis_strange_trophy_room
Dis:3:    layout_regular_city, nicolae_dis_liches_on_tour
Dis:4:    layout_subdivisions
Dis:5:    kennysheep_iron_temple, layout_jigsaw
Dis:6:    layout_jigsaw
Dis:7:    dis_hangedman
Geh:1:    layout_gehenna_pools_basic, hangedman_gehenna_grave_pits
Geh:2:    layout_gehenna_lava_caves
Geh:3:    layout_gehenna_lava_caves
Geh:4:    layout_gehenna_pools_triple
Geh:5:    layout_gehenna_lava_caves, gehenna_fire_generator
Geh:6:    layout_gehenna_lava_caves
Geh:7:    geh_grunt
Coc:1:    layout_cocytus_water_paths
Coc:2:    layout_cocytus_water_paths
Coc:3:    layout_cocytus_water_paths
Coc:4:    layout_ice_bergs
Coc:5:    layout_cocytus_delve, nicolae_coc_icecubes
Coc:6:    layout_ice_bergs
Coc:7:    coc_mu
Tar:1:    layout_cathedral_of_symmetry
Tar:2:    layout_grid_maze
Tar:3:    layout_honeycomb, nicolae_tar_honey_rotating
Tar:4:    layout_honeycomb, nicolae_tar_cuneiform_water
Tar:6:    layout_honeycomb, nicolae_tar_cuneiform_heaven
Tar:7:    tar_mu [tar_mu_maze]
Zot:1:    gammafunk_sealed_library, layout_gridlike, uniq_grunn, uniq_parghit
Zot:2:    layout_misc_corridors
Zot:3:    layout_onion_interference,
          regret_index_zotdec_abyssal_contain_seething_sorcery,
          grunt_megastairs_1
Zot:4:    gammafunk_dig_for_victory, layout_twisted_circle,
          regret_index_zotdec_carving_tricks
Zot:5:    layout_misc_corridors, grunt_megastairs_3

Skill      XL: |  1  2  3  4  5  6  7  8  9 10 11 12 13 14 15 16 17 18 19 20 21 22 23 24 25 26 27 |
---------------+----------------------------------------------------------------------------------+-----
Spellcasting   | 2 3 4 6 14 18 23 27 | 27.0
Conjurations   | 1 2 3 4 5 6 |  6.0
Hexes          | 1 2 3 |  3.0
Earth Magic    | 1 2 3 4 5 8 16 20 24 27 | 27.0
Ranged Weapons | 2 9 14 18 20 27 | 27.0
Dodging        | 8 13 16 18 19 20 24 27 | 27.0
Fighting       | 4 8 10 11 13 14 26 | 26.6
Necromancy     | 5 7 9 |  9.0
Translocations | 2 3 5 15 | 15.5
Shapeshifting  | 14 19 23 | 23.0
Ice Magic      | 27 | 27.0
Fire Magic     | 17 | 17.6
Unarmed Combat | |  2.4

Action                     |  1- 3 |  4- 6 |  7- 9 | 10-12 | 13-15 | 16-18 | 19-21 | 22-24 | 25-27 || total
---------------------------+-------+-------+-------+-------+-------+-------+-------+-------+-------++-------
  Melee: Unarmed           |    74 |    10 |       |       |       |       |       |       |       ||    84
         Punch             |     2 |     1 |       |       |       |       |     2 |       |       ||     5
         Dagger            |       |    19 |       |       |       |       |       |       |       ||    19
         Whip              |       |     4 |    20 |       |       |       |       |       |       ||    24
         Staff             |       |       |       |       |       |       |    11 |       |       ||    11
   Fire: Sling             |    42 |     7 |       |       |       |       |       |       |       ||    49
         Shortbow          |       |    49 |    42 |       |       |       |       |       |       ||    91
         Longbow           |       |       |   223 |   446 |  1413 |  1680 |   681 |   241 |  1615 ||  6299
         Arbalest          |       |       |       |       |       |       |       |       |     4 ||     4
  Throw: Dart              |       |       |       |     2 |     7 |     6 |     1 |       |       ||    16
         Throwing net      |       |       |       |       |       |     2 |       |       |       ||     2
   Cast: Stone Arrow       |       |    22 |    13 |       |       |       |       |       |       ||    35
         Blink             |       |       |     9 |     3 |    23 |    33 |    13 |    24 |    88 ||   193
         Fulminant Prism   |       |       |       |       |     3 |       |       |       |       ||     3
         Inner Flame       |       |       |       |       |     6 |     1 |       |       |       ||     7
         Dimensional Bulls |       |       |       |       |     3 |    12 |     3 |       |       ||    18
         Ozocubu's Armour  |       |       |       |       |     2 |     2 |       |       |     1 ||     5
         Borgnjor's Vile C |       |       |       |       |       |   200 |   137 |    32 |    99 ||   468
         Lee's Rapid Decon |       |       |       |       |       |    41 |   172 |    32 |   129 ||   374
         Passwall          |       |       |       |       |       |    21 |     2 |    44 |   144 ||   211
         Mephitic Cloud    |       |       |       |       |       |     2 |       |       |       ||     2
         Passage of Golubr |       |       |       |       |       |     5 |    82 |    40 |   668 ||   795
         Shatter           |       |       |       |       |       |       |    99 |   231 |   540 ||   870
         Apportation       |       |       |       |       |       |       |    78 |   217 |  1438 ||  1733
         Sublimation of Bl |       |       |       |       |       |       |     1 |    76 |   332 ||   409
         Lehudib's Crystal |       |       |       |       |       |       |     4 |    58 |   616 ||   678
         Ozocubu's Refrige |       |       |       |       |       |       |       |       |   387 ||   387
         Ignition          |       |       |       |       |       |       |       |       |   163 ||   163
         Polar Vortex      |       |       |       |       |       |       |       |       |    28 ||    28
         Disjunction       |       |       |       |       |       |       |       |       |     1 ||     1
 Invoke: Potion Petition   |       |       |       |       |       |     1 |       |     4 |    37 ||    42
         Call Merchant     |       |       |       |       |       |       |       |       |     2 ||     2
Ability: Begin Untransform |       |     1 |     1 |       |       |       |       |       |    14 ||    16
  Evoke: Wand              |       |       |       |     3 |     7 |     8 |     2 |       |    26 ||    46
    Use: Potion            |       |     1 |       |     2 |     8 |     1 |     5 |     7 |    38 ||    62
         Scroll            |       |     2 |     5 |    10 |    13 |     4 |     4 |     4 |    48 ||    90
   Stab: Sleeping          |     3 |       |       |       |       |       |       |       |       ||     3
 Armour: Animal skin       |     4 |    30 |    46 |     6 |    88 |   126 |    80 |    49 |   191 ||   620
         Leather armour    |    28 |     1 |    23 |    56 |       |       |       |       |       ||   108
         Skin              |       |    10 |       |       |       |       |       |       |       ||    10
         Ring mail         |       |       |       |       |       |       |       |       |   270 ||   270
  Dodge: Dodged            |    30 |    62 |    68 |   103 |   227 |   325 |   122 |   133 |   821 ||  1891
  Block: Other             |     8 |       |       |       |       |       |       |       |       ||     8
   Form: Beast             |       |     1 |       |       |       |       |       |       |       ||     1
         Death             |       |       |       |       |       |       |       |       |    15 ||    15

Table legend: (Time is in decaauts)
 A = Elapsed time spent in this place.
 B = Non-inter-level travel time spent in this place.
 C = Inter-level travel time spent in this place.
 D = Time resting spent in this place.
 E = Time spent auto-exploring this place.
 F = Levels seen in this place.
 G = Mean time per level.
                   A        B        C        D        E       F      G
               +--------+--------+--------+--------+--------+-----+--------+
         Total |  59879 |  55335 |   4544 |   1475 |      0 | 120 |  499.0 |
       Dungeon |  12721 |  10822 |   1899 |    357 |      0 |  15 |  848.1 |
        Temple |      1 |      1 |      0 |      0 |      0 |   1 |    1.0 |
          Lair |   4514 |   4092 |    422 |     91 |      0 |   5 |  902.8 |
         Swamp |   2732 |   2579 |    153 |     10 |      0 |   4 |  683.0 |
   Spider Nest |   4015 |   3612 |    403 |      0 |      0 |   4 | 1003.8 |
    Slime Pits |   1139 |   1139 |      0 |     45 |      0 |   5 |  227.8 |
  Orcish Mines |   1445 |    893 |    552 |      0 |      0 |   2 |  722.5 |
   Elven Halls |   2853 |   2495 |    358 |    142 |      0 |   3 |  951.0 |
        Vaults |   5530 |   5166 |    364 |     48 |      0 |   5 | 1106.0 |
         Crypt |   2639 |   2600 |     39 |      0 |      0 |   3 |  879.7 |
          Tomb |   1135 |   1135 |      0 |     40 |      0 |   3 |  378.3 |
        Depths |   4101 |   3838 |    263 |     82 |      0 |   4 | 1025.2 |
          Hell |    462 |    462 |      0 |      0 |      0 |   1 |  462.0 |
           Dis |   1898 |   1898 |      0 |    270 |      0 |   7 |  271.1 |
       Gehenna |   1968 |   1968 |      0 |    123 |      0 |   7 |  281.1 |
       Cocytus |   1416 |   1416 |      0 |     53 |      0 |   7 |  202.3 |
      Tartarus |    960 |    960 |      0 |     47 |      0 |   6 |  160.0 |
           Zot |   3421 |   3334 |     87 |      5 |      0 |   5 |  684.2 |
         Abyss |    801 |    801 |      0 |      0 |      0 |   6 |  133.5 |
   Pandemonium |   4488 |   4488 |      0 |    158 |      0 |  22 |  204.0 |
        Bazaar |     75 |     75 |      0 |      0 |      0 |   1 |   75.0 |
         Trove |     29 |     29 |      0 |      0 |      0 |   1 |   29.0 |
        Bailey |    478 |    478 |      0 |      0 |      0 |   1 |  478.0 |
      Ice Cave |    478 |    478 |      0 |      0 |      0 |   1 |  478.0 |
        Wizlab |    571 |    571 |      0 |      0 |      0 |   1 |  571.0 |
               +--------+--------+--------+--------+--------+-----+--------+

Top non-repeatable levels by time:
   Dis:7: 1381 daAuts
    D:15: 1359 daAuts
Vaults:1: 1310 daAuts
Vaults:2: 1207 daAuts
Depths:3: 1192 daAuts
Depths:1: 1185 daAuts
  Lair:5: 1181 daAuts
Spider:4: 1180 daAuts
   Zot:1: 1155 daAuts
  Lair:4: 1103 daAuts
Depths:2: 1095 daAuts
    D:11: 1040 daAuts
Vaults:5: 1027 daAuts
   Elf:3: 1015 daAuts
 Crypt:2: 1007 daAuts

Table legend: (Time is in decaauts)
 A = Elapsed time spent in this place.
 B = Non-inter-level travel time spent in this place.
 C = Inter-level travel time spent in this place.
 D = Time resting spent in this place.
 E = Time spent auto-exploring this place.
 F = Levels seen in this place.
 G = Mean time per level.
                   A        B        C        D        E       F      G
               +--------+--------+--------+--------+--------+-----+--------+
         Total |  59879 |  55335 |   4544 |   1475 |      0 | 120 |  499.0 |
       Dungeon |  12721 |  10822 |   1899 |    357 |      0 |  15 |  848.1 |
        Temple |      1 |      1 |      0 |      0 |      0 |   1 |    1.0 |
          Lair |   4514 |   4092 |    422 |     91 |      0 |   5 |  902.8 |
         Swamp |   2732 |   2579 |    153 |     10 |      0 |   4 |  683.0 |
   Spider Nest |   4015 |   3612 |    403 |      0 |      0 |   4 | 1003.8 |
    Slime Pits |   1139 |   1139 |      0 |     45 |      0 |   5 |  227.8 |
  Orcish Mines |   1445 |    893 |    552 |      0 |      0 |   2 |  722.5 |
   Elven Halls |   2853 |   2495 |    358 |    142 |      0 |   3 |  951.0 |
        Vaults |   5530 |   5166 |    364 |     48 |      0 |   5 | 1106.0 |
         Crypt |   2639 |   2600 |     39 |      0 |      0 |   3 |  879.7 |
          Tomb |   1135 |   1135 |      0 |     40 |      0 |   3 |  378.3 |
        Depths |   4101 |   3838 |    263 |     82 |      0 |   4 | 1025.2 |
          Hell |    462 |    462 |      0 |      0 |      0 |   1 |  462.0 |
           Dis |   1898 |   1898 |      0 |    270 |      0 |   7 |  271.1 |
       Gehenna |   1968 |   1968 |      0 |    123 |      0 |   7 |  281.1 |
       Cocytus |   1416 |   1416 |      0 |     53 |      0 |   7 |  202.3 |
      Tartarus |    960 |    960 |      0 |     47 |      0 |   6 |  160.0 |
           Zot |   3421 |   3334 |     87 |      5 |      0 |   5 |  684.2 |
         Abyss |    801 |    801 |      0 |      0 |      0 |   6 |  133.5 |
   Pandemonium |   4488 |   4488 |      0 |    158 |      0 |  22 |  204.0 |
        Bazaar |     75 |     75 |      0 |      0 |      0 |   1 |   75.0 |
         Trove |     29 |     29 |      0 |      0 |      0 |   1 |   29.0 |
        Bailey |    478 |    478 |      0 |      0 |      0 |   1 |  478.0 |
      Ice Cave |    478 |    478 |      0 |      0 |      0 |   1 |  478.0 |
        Wizlab |    571 |    571 |      0 |      0 |      0 |   1 |  571.0 |
               +--------+--------+--------+--------+--------+-----+--------+

Top non-repeatable levels by time:
   Dis:7: 1381 daAuts
    D:15: 1359 daAuts
Vaults:1: 1310 daAuts
Vaults:2: 1207 daAuts
Depths:3: 1192 daAuts
Depths:1: 1185 daAuts
  Lair:5: 1181 daAuts
Spider:4: 1180 daAuts
   Zot:1: 1155 daAuts
  Lair:4: 1103 daAuts
Depths:2: 1095 daAuts
    D:11: 1040 daAuts
Vaults:5: 1027 daAuts
   Elf:3: 1015 daAuts
 Crypt:2: 1007 daAuts

Table legend:
 A = Kills in this place as a percentage of kills in the entire game.
 B = Kills by you in this place as a percentage of kills by you in the entire game.
 C = Kills by friends in this place as a percentage of kills by friends in the entire game.
 D = Other kills in this place as a percentage of other kills in the entire game.
 E = Experience gained in this place as a percentage of experience gained in the entire game.
 F = Experience gained in this place divided by the number of levels of this place that you have seen.
                   A       B       C       D       E      F
               +-------+-------+-------+-------+-------+----------------------
         Total | 100.0 | 100.0 |   N/A | 100.0 | 100.0 | 26996.2
       Dungeon |   9.3 |   9.3 |   N/A |   0.0 |   2.6 | 5577.9
          Lair |   5.8 |   5.8 |   N/A |   0.0 |   2.3 | 15007.8
         Swamp |   3.9 |   3.9 |   N/A |   0.0 |   2.6 | 20913.2
   Spider Nest |   5.9 |   5.9 |   N/A |   0.0 |   3.0 | 24358.5
    Slime Pits |   2.7 |   2.7 |   N/A |   0.0 |   2.4 | 15782.8
  Orcish Mines |   2.3 |   2.3 |   N/A |   0.0 |   0.4 | 6367.5
   Elven Halls |   3.1 |   3.1 |   N/A |   0.0 |   3.0 | 32105.0
        Vaults |   8.8 |   8.8 |   N/A |   0.0 |   9.6 | 61918.4
         Crypt |   4.0 |   4.0 |   N/A |   0.0 |   3.9 | 41736.7
          Tomb |   6.1 |   6.1 |   N/A |   0.0 |   6.8 | 73079.7
        Depths |   6.9 |   6.9 |   N/A |   0.0 |   8.0 | 64737.5
          Hell |   2.4 |   2.4 |   N/A |   0.0 |   1.8 | 57342.0
           Dis |   4.4 |   4.4 |   N/A |   0.0 |   8.4 | 38979.7
       Gehenna |   3.2 |   3.2 |   N/A |   0.0 |   5.0 | 22978.0
       Cocytus |   6.8 |   6.8 |   N/A |   0.0 |   8.7 | 40375.7
      Tartarus |   2.7 |   2.7 |   N/A |   0.0 |   5.1 | 27674.7
           Zot |   4.9 |   4.9 |   N/A |   0.0 |   9.5 | 61855.2
         Abyss |   2.7 |   2.7 |   N/A |   0.0 |   1.9 | 10418.5
   Pandemonium |  11.5 |  11.4 |   N/A | 100.0 |  13.7 | 20237.5
        Bailey |   0.8 |   0.8 |   N/A |   0.0 |   0.0 | 1527.0
      Ice Cave |   1.1 |   1.1 |   N/A |   0.0 |   0.4 | 13872.0
        Wizlab |   0.9 |   0.9 |   N/A |   0.0 |   0.8 | 26656.0
               +-------+-------+-------+-------+-------+----------------------

Levels and vault maps discovered:
D:1:      minmay_arrival_radiant_lines, layout_basic
D:2:      layout_loops_ring, basic_altar, solitary_fountain,
          minmay_tetromino_i4, uniq_natasha
D:3:      layout_rooms, gammafunk_ghost_smash
D:4:      layout_basic, mainiacjoe_overflow_surrounded_room,
          pdpol_wu_jian_five_deadly_venoms, kennysheep_flooded_box, hex_medium,
          kennysheep_minor_cross
D:5:      cheibrodos_iron_armory, layout_basic
D:6:      layout_rooms, lemuel_mausoleum_altar_kikubaaqudgha,
          nicolae_overflow_hidden_temple, grunt_dithmenos_smoke,
          nicolae_qazlal_scattered_showers, minmay_temple_entry_enclosed_plants,
          serial_bayou_pond_d, guppyfry_shop_venom
D:7:      layout_layer_cave, enter_bailey_2, grunt_ogre_cave,
          nicolae_elemental_shop
D:8:      layout_gridville, uniq_prince_ribbit1
D:9:      layout_layer_cave, lightli_orcish_oven, uniq_maggie, uniq_pikel
D:10:     hellmonk_paralyzer, layout_irregular_city,
          mainiacjoe_overflow_boulevard, mainiacjoe_overflow_swirl,
          minmay_misc_feat_room, nicolae_stop_n_shop_2, grunt_ministairs_13
D:11:     layout_long_grid, dpeg_lair_monsters, portal_ice_cave_entry_pillars_2,
          gauntlet_entry_generic, nicolae_straight_to_the_point
D:12:     layout_rooms, orc_david_3, gammafunk_ghost_fury_of_okawaru,
          hangedman_decor_growths
D:13:     layout_rooms, serial_shops, shop, nicolae_shop_waterfront, shop,
          nicolae_shop_stone, shop, lemuel_flamethrower_1
D:14:     layout_basic, skrybe_vaults_entry_preservation, serial_demonic,
          serial_demonic_f, serial_demonic_c, serial_demonic_c,
          serial_demonic_e, hangedman_decor_diamond_cutter, minivault_16
D:15:     gammafunk_depths_entry_grave, layout_rooms,
          nicolae_trove_entry_crystal, minmay_misc_feat_diagonals,
          ebering_ghost_rock_garden, serial_bayou_pond_b, minmay_starry_boxes,
          uniq_kirke
Temple:   cyrus_circular_temple
Lair:1:   layout_roguey, minivault_24, uniq_joseph
Lair:2:   layout_gridlike, nicolae_spider_entry_lesser_pyramids, minivault_24,
          grunt_megastairs_4, infiniplex_staircase_pool_2
Lair:3:   gammafunk_boulding_lane, layout_long_grid, swamp_mist_pool,
          cheibrodos_lair_lostbears
Lair:4:   regret_index_combs_of_tragedy, layout_small_grid,
          minmay_slime_entry_pillars, chequers_serial_rivers_micro_c,
          kennysheep_snail_temple, uniq_rupert, uniq_nessos, uniq_urug
Lair:5:   evilmike_catoblepas_cave, layout_layer_cave,
          grunt_forest_large_clearing_hut, uniq_sonja
Swamp:1:  layout_basic_swamp, nicolae_swamp_triple_paths,
          infiniplex_staircase_pool
Swamp:2:  layout_basic_swamp, nicolae_swamp_some_circles, swamp_pool_5,
          nicolae_swamp_alligator_family, uniq_frances
Swamp:3:  nzn_winding_woodlands_three_and_one
          [nzn_winding_woodlands_5x15_split_checker,
          nzn_winding_woodlands_5x15_parted,
          nzn_winding_woodlands_5x15_river_crossing,
          nzn_winding_woodlands_center_pierced_h], layout_basic_swamp,
          evilmike_swamp_ruin_house_6
Swamp:4:  swamp_icy, layout_basic_swamp
Spider:1: layout_chambers, nicolae_looking_at_the_future
Spider:2: layout_cave_pods
Spider:3: layout_cave_pods, hangedman_spider_tarantella_strand
Spider:4: spider_rune_water
Slime:1:  layout_caves
Slime:2:  layout_caves
Slime:3:  layout_caves, nicolae_slime_round_cave
Slime:4:  layout_caves, cheibrodos_slime_lost_civilization_5
Slime:5:  slime_pit_nicolae_amoeboid
Orc:1:    layout_caves, serial_shops, nicolae_shop_statue_plus
Orc:2:    st_orc_pillars, layout_caves, serial_shops, nicolae_shop_tiny_glass,
          nicolae_orc_sculptors_studio
Elf:1:    layout_gridlike, serial_aquarium, aquarium_bridge_long_separate
          [aquarium_subvault_balcony, aquarium_subvault_window,
          aquarium_subvault_bridge, aquarium_subvault_balcony,
          aquarium_subvault_wall, aquarium_subvault_bridge],
          aquarium_bridge_square [aquarium_subvault_bridge,
          aquarium_subvault_wall, aquarium_subvault_wall,
          aquarium_subvault_bridge], aquarium_window_2, aquarium_window_1,
          aquarium_view_2e, aquarium_view_2e, aquarium_balcony_5b,
          aquarium_pool_split, serial_shops, shop, minmay_elf_demonology
Elf:2:    elven_hall_of_blades_hangedman_original
          [nicolae_blade_entry_area_security], layout_loops_cross, serial_shops,
          shop, uniq_agnes
Elf:3:    minmay_elf_hall_circle, layout_loops_cross, serial_shops,
          nicolae_shop_pleasant_corner_grove, wad_floor_pattern_untrapped
Vaults:1: infiniplex_enter_wizlab_glasses, nicolae_vaults_double_plus_2,
          vaults_room_glass_cross, nicolae_vaults_what_the_h, vaults_mumra_lcd,
          nicolae_vaults_cornered_office, v_misc_16,
          nicolae_vaults_three_branches, nicolae_vaults_little_squares_3,
          ontoclasm_vaults_chip, nicolae_vaults_tangram_2,
          nicolae_vaults_storage_room_doors, nicolae_vaults_more_shelving_2,
          vaults_standard_mumra_x, vaults_room_semicircle,
          layout_vaults_omnigrid, serial_shops, shop
Vaults:2: nicolae_vaults_apartment_2, nicolae_vaults_sesquioval_fish,
          minmay_crypt_entry_skeletal_spiral, nicolae_vaults_tetromino_L_1,
          v_alt_pattern_3, nicolae_vaults_house_1, v_misc_14,
          nicolae_vaults_network_barrier, nicolae_vaults_circle_grid_b,
          v_alt_pattern_3, nicolae_vaults_tetromino_T_1, v_misc_14, v_misc_30,
          v_misc_24, nicolae_vaults_six-pack, layout_vaults_big_room,
          serial_shops, nicolae_book_shop_shelving
Vaults:3: ebering_ghost_inner_flame, nicolae_vaults_network_periphery,
          v_pattern_3, nicolae_vaults_storage_closets_2,
          nicolae_vaults_mini_display_case, vaults_room_ringed_pool,
          nicolae_vaults_security_offices_1, ontoclasm_vaults_shuriken,
          hangedman_vaults_capsules, vaults_dpeg_emergency_exit,
          hangedman_vaults_nails, vaults_room_stairs_pillars,
          layout_vaults_ring, serial_shops, bzr_firewalk,
          nicolae_shop_advertising_works [nicolae_subvault_shop_adworks],
          nicolae_shop_waterfront, shop, shop
Vaults:4: v_misc_10, v_pattern_1, nicolae_vaults_cochlea, v_misc_12,
          nicolae_vaults_network_square, vaults_dpeg_encased_lava,
          ontoclasm_vaults_ring_large, hangedman_vaults_snaps,
          hangedman_vaults_variations, serial_library_hellmonk_big_corner,
          nicolae_vaults_diagonal_hallway_9, nicolae_vaults_oval_intersection,
          layout_vaults_omnibox, uniq_mennas, uniq_boris
Vaults:5: uniq_jory
Crypt:1:  layout_rooms, grunt_megastairs_2, lemuel_upstairs_altar, uniq_donald,
          uniq_aizul, uniq_sojobo
Crypt:2:  layout_catacombs, amcnicky_mini_rare_corridor_liquid,
          grunt_megastairs_5
Crypt:3:  quadcrypt_mu
Tomb:1
Tomb:2
Tomb:3
Depths:1: hangedman_cross_stitches, layout_gridlike, enter_ziggurat_f,
          special_room [special_room_jelly], serial_aquarium,
          aquarium_bridge_straight [aquarium_subvault_bridge,
          aquarium_subvault_balcony, aquarium_subvault_bridge,
          aquarium_subvault_window], aquarium_window_2,
          aquarium_window_corridor_3, aquarium_window_1, aquarium_view_2c,
          aquarium_balcony_double_4, aquarium_pool_five, serial_shops, shop,
          hell_entry, kennysheep_generic_room_15, minmay_shoptagon, uniq_mara
Depths:2: minmay_the_grid_octo_tiled_octocenter
          [minmay_the_grid_octo_vomiting_pacman,
          minmay_the_grid_octo_fat_diamond,
          minmay_the_grid_octo_tetromino_candy, minmay_the_grid_octo_teeth,
          minmay_the_grid_octo_prize_square_snowflake,
          minmay_the_grid_square_5x5_minimal,
          minmay_the_grid_square_5x5_hollow_slash,
          minmay_the_grid_square_5x5_empty, minmay_the_grid_square_5x5_n],
          layout_honeycomb, nicolae_tso_swordbearing_angel,
          rand_demon_pan_entry_9, hell_entry
Depths:3: gold_lair_mu, layout_gridlike, rand_demon_pan_entry_1, hell_entry,
          dk_noncrumbling_3, nicolae_abyss_entry_one_way_or_another,
          infiniplex_staircase_zigzag_2
Depths:4: grunt_zot_entry_alcove, layout_cave_shapes, hangedman_geh_valley,
          lemuel_coloured_pillars_altar, pan_entry
Hell
Dis:1:    layout_overlapping_boxes, nicolae_dis_grated_feature
Dis:2:    layout_subdivisions, nicolae_dis_strange_trophy_room
Dis:3:    layout_regular_city, nicolae_dis_liches_on_tour
Dis:4:    layout_subdivisions
Dis:5:    kennysheep_iron_temple, layout_jigsaw
Dis:6:    layout_jigsaw
Dis:7:    dis_hangedman
Geh:1:    layout_gehenna_pools_basic, hangedman_gehenna_grave_pits
Geh:2:    layout_gehenna_lava_caves
Geh:3:    layout_gehenna_lava_caves
Geh:4:    layout_gehenna_pools_triple
Geh:5:    layout_gehenna_lava_caves, gehenna_fire_generator
Geh:6:    layout_gehenna_lava_caves
Geh:7:    geh_grunt
Coc:1:    layout_cocytus_water_paths
Coc:2:    layout_cocytus_water_paths
Coc:3:    layout_cocytus_water_paths
Coc:4:    layout_ice_bergs
Coc:5:    layout_cocytus_delve, nicolae_coc_icecubes
Coc:6:    layout_ice_bergs
Coc:7:    coc_mu
Tar:1:    layout_cathedral_of_symmetry
Tar:2:    layout_grid_maze
Tar:3:    layout_honeycomb, nicolae_tar_honey_rotating
Tar:4:    layout_honeycomb, nicolae_tar_cuneiform_water
Tar:6:    layout_honeycomb, nicolae_tar_cuneiform_heaven
Tar:7:    tar_mu [tar_mu_maze]
Zot:1:    gammafunk_sealed_library, layout_gridlike, uniq_grunn, uniq_parghit
Zot:2:    layout_misc_corridors
Zot:3:    layout_onion_interference,
          regret_index_zotdec_abyssal_contain_seething_sorcery,
          grunt_megastairs_1
Zot:4:    gammafunk_dig_for_victory, layout_twisted_circle,
          regret_index_zotdec_carving_tricks
Zot:5:    layout_misc_corridors, grunt_megastairs_3
